Workbook

Sheet Total Summary
A2: FY2023 Paygo Funding
E4: Total FY23 Paygo | F4: Total Invoices | G4: Invoices | H4: Invoices | I4: Invoices | J4: Total MCCBL
A5: Appn. | B5: Budget | C5: KFS A/C # | D5: Project Description | E5: Authorizations | F5: Processed | G5: Payment | H5: Payment | I5: Payment | J5: Balances
A6: Year | B6: Bill | C6: Sub - 3772 | E6: To-date | F6: To-date | G6: FY23 | H6: FY24 | I6: FY25 | J6: Available To-date
A7: 23 | B7: SB290 | C7: 08-0-767200 | D7: UMCP Chemistry Building Wing 1 Replacement | E7: =UMCP!D97 -> 57817000 | F7: =UMCP!K97 -> 54246153 | G7: 28832916 | H7: 19120312 | I7: =F7-G7-H7 -> 6292924.4 | J7: =E7-F7 -> 3570846.9
A8: 23 | B8: SB290 | C8: 08-0-767200 | D8: UMB Central Electric Substation and Redundancy | E8: =UMB!D14 -> 16138000 | F8: =UMB!K14 -> 3184876.9 | G8: 0 | H8: 0 | I8: =F8-G8-H8 -> 3184876.9 | J8: =E8-F8 -> 12953123
A9: 23 | B9: SB290 | C9: 08-0-767200 | D9: UMCES Chesapeake Analytics Collab Building | E9: =CES!D36 -> 9389000 | F9: =CES!K36 -> 8893261.6 | G9: 0 | H9: 64793.52 | I9: =F9-G9-H9 -> 8828468.1 | J9: =E9-F9 -> 495738.38
A10: 23 | B10: SB290 | C10: 08-0-767200 | D10: BSU Replace MLK Comm Arts & Hum Building | E10: =BSU!D47 -> 73247000 | F10: =BSU!K47 -> 73246152 | G10: 55187386 | H10: 15526524 | I10: =F10-G10-H10 -> 2532242.4 | J10: =E10-F10 -> 848.08
A11: 23 | B11: SB290 | C11: 08-0-767200 | D11: CSU Percy Julian Renovation for Coll Business | E11: =CSU!D17 -> 2500000 | F11: =CSU!K17 -> 241432.04 | G11: 0 | H11: 102483.5 | I11: =F11-G11-H11 -> 138948.54 | J11: =E11-F11 -> 2258568
A12: 23 | B12: SB290 | C12: 08-0-767200 | D12: FSU Facilities Renewal | E12: =FSU!D34 -> 10000000 | F12: =FSU!K34 -> 8724995 | G12: 3682935 | H12: 3374097.9 | I12: =F12-G12-H12 -> 1667962 | J12: =E12-F12 -> 1275005
A13: 23 | B13: Grant Award | C13: 08-0-767200 | D13: FSU Cordts PE Renovation/Regional Recreation Center | E13: =FSU!D40 -> 0 | F13: =FSU!K40 -> 0 | G13: 0 | H13: 0 | I13: =F13-G13-H13 -> 0 | J13: =E13-F13 -> 0
A14: 23 | B14: Amendment | C14: 08-0-767200 | D14: SU Blackwell Hall Renovation | E14: =SU!D23 -> 1940000 | F14: =SU!K23 -> 1923054.2 | G14: 370930.56 | H14: 1509882.4 | I14: =F14-G14-H14 -> 42241.15 | J14: =E14-F14 -> 16945.85
A15: 23 | B15: SB290 | C15: 08-0-767200 | D15: TU Health Professions Building | E15: =TU!D48 -> 88695000 | F15: =TU!K48 -> 88694630 | G15: 53054241 | H15: 35083658 | I15: =F15-G15-H15 -> 556731.59 | J15: =E15-F15 -> 369.86
A16: 23 | B16: Amendment | C16: 08-0-767200 | D16: TU Visual & Com Tech (Smith Hall Renovation) | E16: =TU!D68 -> 6066000 | F16: =TU!K68 -> 6066000 | G16: 708625.63 | H16: 4190837.8 | I16: =F16-G16-H16 -> 1166536.6 | J16: =E16-F16 -> 0.0099999998
A17: 23 | C17: 08-0-767200 | D17: UMCP Facilities Renewal Program | E17: =UMCP!D194 -> 23503432 | F17: =UMCP!K194 -> 16812952 | G17: 2622930.5 | H17: 7422745.6 | I17: =F17-G17-H17 -> 6767276 | J17: =E17-F17 -> 6690479.9
A18: 23 | C18: 08-0-767200 | D18: UMB Facilities Renewal Program | E18: =UMB!D54 -> 12391073 | F18: =UMB!K54 -> 6920426.6 | G18: 1181987.2 | H18: 1929288 | I18: =F18-G18-H18 -> 3809151.4 | J18: =E18-F18 -> 5470646.4
A19: 23 | C19: 08-0-767200 | D19: UMES Facilities Renewal Program | E19: =UMES!D30 -> 3227327 | F19: =UMES!K30 -> 198593.5 | G19: 163629.26 | H19: 740.2 | I19: =F19-G19-H19 -> 34224.04 | J19: =E19-F19 -> 3028733.5
A20: 23 | C20: 08-0-767200 | D20: UMBC Facilities Renewal Program | E20: =UMBC!D34 -> 5806280 | F20: =UMBC!K34 -> 3635227 | G20: 199153.17 | H20: 2000846.8 | I20: =F20-G20-H20 -> 1435227 | J20: =E20-F20 -> 2171053
A21: 23 | C21: 08-0-767200 | D21: UMGC Facilities Renewal Program | E21: =UMGC!D11 -> 565000 | F21: =UMGC!K11 -> 565000 | G21: 0 | H21: 565000 | I21: =F21-G21-H21 -> 0 | J21: =E21-F21 -> 0
A22: 23 | C22: 08-0-767200 | D22: UMCES Facilities Renewal Program | E22: =CES!D43 -> 887932 | F22: =CES!K43 -> 0 | G22: 0 | H22: 0 | I22: =F22-G22-H22 -> 0 | J22: =E22-F22 -> 887932
A23: 23 | C23: 08-0-767200 | D23: BSU Facilities Renewal Program | E23: =BSU!D58 -> 2126310 | F23: =BSU!K58 -> 1226310 | G23: 0 | H23: 750000 | I23: =F23-G23-H23 -> 476310 | J23: =E23-F23 -> 900000
A24: 23 | C24: 08-0-767200 | D24: CSU Facilities Renewal Program | E24: =CSU!D22 -> 1400329 | F24: =CSU!K22 -> 754443 | G24: 0 | H24: 754443 | I24: =F24-G24-H24 -> 0 | J24: =E24-F24 -> 645886
A25: 23 | C25: 08-0-767200 | D25: FSU Facilities Renewal Program | E25: =FSU!D51 -> 1277670 | F25: =FSU!K51 -> 993304.7 | G25: 0 | H25: 251750.7 | I25: =F25-G25-H25 -> 741554 | J25: =E25-F25 -> 284365.3
A26: 23 | C26: 08-0-767200 | D26: SU Facilities Renewal Program | E26: =SU!D43 -> 2339352 | F26: =SU!K43 -> 1771250 | G26: 154012.9 | H26: 1501319 | I26: =F26-G26-H26 -> 115918.05 | J26: =E26-F26 -> 568102
A27: 23 | C27: 08-0-767200 | D27: TU Facilities Renewal Program | E27: =TU!D88 -> 5796085 | F27: =TU!K88 -> 617817.6 | G27: 0 | H27: 78030.17 | I27: =F27-G27-H27 -> 539787.43 | J27: =E27-F27 -> 5178267.4
A28: 23 | C28: 08-0-767200 | D28: UB Facilities Renewal Program | E28: =UB!D14 -> 2207480 | F28: =UB!K14 -> 486414.03 | G28: 0 | H28: 0 | I28: =F28-G28-H28 -> 486414.03 | J28: =E28-F28 -> 1721066
A29: 23 | C29: 08-0-767200 | D29: USM Facilities Renewal Program | E29: =USM!D12+USM!D17+USM!D22+USM!D27 -> 3471730 | F29: =USM!K12+USM!K17+USM!K22+USM!K27 -> 916927 | G29: 0 | H29: 498227 | I29: =F29-G29-H29 -> 418700 | J29: =E29-F29 -> 2554803
A30: 23 | B30: Amendment | C30: 08-0-767200 | D30: UMCES Horn Point Laboratory Sewer Collection System Upgrade | E30: =CES!D48 -> 188000 | F30: =CES!K48 -> 188000 | G30: 188000 | H30: 0 | I30: =F30-G30-H30 -> 0 | J30: =E30-F30 -> 0
A32: Total | E32: =SUM(E7:E31) -> 330980000 | F32: =SUM(F7:F31) -> 2.8030722e+08 | G32: =SUM(G7:G31) -> 1.4634675e+08 | H32: =SUM(H7:H31) -> 94724979 | I32: =SUM(I7:I31) -> 39235494 | J32: =SUM(J7:J31) -> 50672780
F33: 0
A34: 44858 | B34: 257786000 | C34: Received - Doc# 11119152 (0767200-4938) BA008-23 | D34: 09/06/22 PG23-001 | F34: =F35-F33 -> 2438745.4
A35: 44861 | B35: 8194000 | C35: Received -Doc# 11086817 corrected by doc# 11119152 (0767200-4938) BA014-23 | F35: 2438745.4
A36: 45106 | B36: 26000000 | C36: Received -Doc# 12014035 - transfer Q4 Paygo funds to Plant Fund (0767200-4938) BA069-23 | D36: 09/07/22 PG23-002 | F36: =F37-F35 -> 71945.11
A37: 45442 | B37: 24033000 | C37: Received - Doc# 13361463 BA044-24 | F37: 2510690.5
A38: 45632 | B38: 2300760 | C38: BA 086-24 recorded in Workday JRN-001797 Dec 24 (original was recorded in KFS FY24 Paygo in Aug 2024) BA086-24 | D38: 09/21/22 PG23-003 | F38: =F39-F37 -> 5404063
B39: =E32-B34-B35-B36-B37-B38 -> 12666240 | C39: Remaining Balance to be Transferred | F39: 7914753.5
D40: 10/05/22 PG23-004 | F40: =F41-F39 -> 3907510
B41: $3,065,382 - received 5/14/25, in progress | F41: 11822264
D42: 10/06/22 PG23-005 | F42: =F43-F41 -> 14072.4
F43: 11836336
D44: 11/14/22 PG23-006 | F44: =F45-F43 -> 12192.44
F45: 11848528
D46: 11/18/22 PG23-007 | F46: =F47-F45 -> 4858838
F47: 16707366
D48: 11/30/22 PG23-008 | F48: =F49-F47 -> 268237.25
F49: 16975604
D50: 12/01/22 PG23-009 | F50: =F51-F49 -> 3838625.5
F51: 20814229
D52: 12/07/22 PG23-010 | F52: =F53-F51 -> 3778195
F53: 24592424
D54: 12/20/22 PG23-011 | F54: =F55-F53 -> 6690990
F55: 31283414
D56: 01/05/23 PG23-012 | F56: =F57-F55 -> 34606.6
F57: 31318021
D58: 01/11/23 PG23-013 | F58: =F59-F57 -> 4840015
F59: 36158036
D60: 01/11/23 PG23-014 | F60: =F61-F59 -> 237766
F61: 36395802
D62: 01/18/23 PG23-015 | F62: =F63-F61 -> 15046.7
F63: 36410848
D64: 01/18/23 PG23-016 | F64: =F65-F63 -> 219395.95
F65: 36630244
D66: 02/01/23 PG23-017 | F66: =F67-F65 -> 40315.75
F67: 36670560
D68: 02/02/23 PG23-018 | F68: =F69-F67 -> 45653.88
F69: 36716214
D70: 02/08/23 PG23-019 | F70: =F71-F69 -> 13535038
F71: 50251252
D72: 02/09/23 PG23-020 | F72: =F73-F71 -> 6633566
F73: 56884818
D74: 02/16/23 PG23-021 | F74: =F75-F73 -> 22570.05
F75: 56907388
D76: 02/16/23 PG23-022 | F76: =F77-F75 -> 6265259
F77: 63172647
D78: 02/23/23 PG23-023 | F78: =F79-F77 -> 673743.2
F79: 63846390
D80: 02/24/23 PG23-024 | F80: =F81-F79 -> 40212
F81: 63886602
D82: 03/01/23 PG23-025 | F82: =F83-F81 -> 9225
F83: 63895827
D84: 03/08/23 PG23-026 | F84: =F85-F83 -> 22570.05
F85: 63918397
D86: 03/15/23 PG23-027 | F86: =F87-F85 -> 15646.5
F87: 63934044
D88: 03/15/23 PG23-028 | F88: =F89-F87 -> 5419435.7
F89: 69353480
D90: 03/24/23 PG23-029 | F90: =F91-F89 -> 5292.58
F91: 69358772
D92: 03/24/23 PG23-030 | F92: =F93-F91 -> 6795333.1
F93: 76154105
D94: 03/27/23 PG23-031 | F94: =F95-F93 -> 26631.75
F95: 76180737
D96: 04/10/23 PG23-032 | F96: =F97-F95 -> 15525
F97: 76196262
D98: 04/11/23 PG23-033 | F98: =F99-F97 -> 126750
F99: 76323012
D100: 04/12/23 PG23-034 | F100: =F101-F99 -> 11749783
F101: 88072796
D102: 04/14/23 PG23-035 | F102: =F103-F101 -> 7611556
F103: 95684352
...

Sheet Summary by Campus
A2: FY2023 Paygo Funding
E4: Total MCCBL | F4: Total Invoices | G4: Invoices | H4: Invoices | I4: Invoices | J4: Total MCCBL
A5: Appn. | B5: Appn. | C5: KFS A/C # | D5: Project Description | E5: Authorizations | F5: Processed | G5: Payment | H5: Payment | I5: Payment | J5: Balances
A6: Year | B6: Number | C6: Sub - 3772 | E6: To-date | F6: To-date | G6: FY23 | H6: FY24 | I6: FY25 | J6: Available To-date
A7: 23 | D7: UMCP Chemistry Building Wing 1 Replacement | E7: =UMCP!D97 -> 57817000 | F7: =UMCP!K97 -> 54246153 | G7: 28832916 | H7: 19120312 | I7: =F7-G7-H7 -> 6292924.4 | J7: =E7-F7 -> 3570846.9
A8: 23 | D8: UMCP Facilities Renewal Program | E8: =UMCP!D194 -> 23503432 | F8: =UMCP!K194 -> 16812952 | G8: 2622930.5 | H8: 7422745.6 | I8: =F8-G8-H8 -> 6767276 | J8: =E8-F8 -> 6690479.9
A10: UMCP Total | E10: =SUM(E7:E9) -> 81320432 | F10: =SUM(F7:F9) -> 71059105 | G10: =SUM(G7:G9) -> 31455847 | H10: =SUM(H7:H9) -> 26543058 | I10: =SUM(I7:I9) -> 13060200 | J10: =SUM(J7:J9) -> 10261327
A12: 23 | D12: UMB Central Electric Substation and Redundancy | E12: =UMB!D14 -> 16138000 | F12: =UMB!K14 -> 3184876.9 | G12: 0 | H12: 0 | I12: =F12-G12-H12 -> 3184876.9 | J12: =E12-F12 -> 12953123
A13: 23 | D13: UMB Facilities Renewal Program | E13: =UMB!D54 -> 12391073 | F13: =UMB!K54 -> 6920426.6 | G13: 1181987.2 | H13: 1929288 | I13: =F13-G13-H13 -> 3809151.4 | J13: =E13-F13 -> 5470646.4
A15: UMB Total | E15: =SUM(E12:E14) -> 28529073 | F15: =SUM(F12:F14) -> 10105304 | G15: =SUM(G12:G14) -> 1181987.2 | H15: =SUM(H12:H14) -> 1929288 | I15: =SUM(I12:I14) -> 6994028.3 | J15: =SUM(J12:J14) -> 18423770
A17: 23 | D17: UMES Facilities Renewal Program | E17: =UMES!D30 -> 3227327 | F17: =UMES!K30 -> 198593.5 | G17: 163629.26 | H17: 740.2 | I17: =F17-G17-H17 -> 34224.04 | J17: =E17-F17 -> 3028733.5
A19: UMES Total | E19: =SUM(E17:E18) -> 3227327 | F19: =SUM(F17:F18) -> 198593.5 | G19: =SUM(G17:G18) -> 163629.26 | H19: =SUM(H17:H18) -> 740.2 | I19: =SUM(I17:I18) -> 34224.04 | J19: =SUM(J17:J18) -> 3028733.5
A21: 23 | D21: UMBC Facilities Renewal Program | E21: =UMBC!D34 -> 5806280 | F21: =UMBC!K34 -> 3635227 | G21: 199153.17 | H21: 2000846.8 | I21: =F21-G21-H21 -> 1435227 | J21: =E21-F21 -> 2171053
A23: UMBC Total | E23: =SUM(E21:E22) -> 5806280 | F23: =SUM(F21:F22) -> 3635227 | G23: =SUM(G21:G22) -> 199153.17 | H23: =SUM(H21:H22) -> 2000846.8 | I23: =SUM(I21:I22) -> 1435227 | J23: =SUM(J21:J22) -> 2171053
A25: 23 | D25: UMGC Facilities Renewal Program | E25: =UMGC!D11 -> 565000 | F25: =UMGC!K11 -> 565000 | G25: 0 | H25: 565000 | I25: =F25-G25-H25 -> 0 | J25: =E25-F25 -> 0
A27: UMGC Total | E27: =SUM(E25:E26) -> 565000 | F27: =SUM(F25:F26) -> 565000 | G27: =SUM(G25:G26) -> 0 | H27: =SUM(H25:H26) -> 565000 | I27: =SUM(I25:I26) -> 0 | J27: =SUM(J25:J26) -> 0
A29: 23 | D29: UMCES Chesapeake Analytics Collab Building | E29: =CES!D36 -> 9389000 | F29: =CES!K36 -> 8893261.6 | G29: 0 | H29: 64793.52 | I29: =F29-G29-H29 -> 8828468.1 | J29: =E29-F29 -> 495738.38
A30: 23 | D30: UMCES Facilities Renewal Program | E30: =CES!D43 -> 887932 | F30: =CES!K43 -> 0 | G30: 0 | H30: 0 | I30: =F30-G30-H30 -> 0 | J30: =E30-F30 -> 887932
A31: 23 | D31: UMCES Horn Point Laboratory Sewer Collection System Upgrade | E31: =CES!D48 -> 188000 | F31: =CES!K48 -> 188000 | G31: 188000 | H31: 0 | I31: =F31-G31-H31 -> 0 | J31: =E31-F31 -> 0
A33: UMCES Total | E33: =SUM(E29:E32) -> 10464932 | F33: =SUM(F29:F32) -> 9081261.6 | G33: =SUM(G29:G32) -> 188000 | H33: =SUM(H29:H32) -> 64793.52 | I33: =SUM(I29:I32) -> 8828468.1 | J33: =SUM(J29:J32) -> 1383670.4
A35: 23 | D35: BSU Replace MLK Comm Arts & Hum Building | E35: =BSU!D47 -> 73247000 | F35: =BSU!K47 -> 73246152 | G35: 55187386 | H35: 15526524 | I35: =F35-G35-H35 -> 2532242.4 | J35: =E35-F35 -> 848.08
A36: 23 | D36: BSU Facilities Renewal Program | E36: =BSU!D58 -> 2126310 | F36: =BSU!K58 -> 1226310 | G36: 0 | H36: 750000 | I36: =F36-G36-H36 -> 476310 | J36: =E36-F36 -> 900000
A38: BSU Total | E38: =SUM(E35:E37) -> 75373310 | F38: =SUM(F35:F37) -> 74472462 | G38: =SUM(G35:G37) -> 55187386 | H38: =SUM(H35:H37) -> 16276524 | I38: =SUM(I35:I37) -> 3008552.4 | J38: =SUM(J35:J37) -> 900848.08
A40: 23 | D40: CSU Percy Julian Renovation for Coll Business | E40: =CSU!D17 -> 2500000 | F40: =CSU!K17 -> 241432.04 | G40: 0 | H40: 102483.5 | I40: =F40-G40-H40 -> 138948.54 | J40: =E40-F40 -> 2258568
A41: 23 | D41: CSU Facilities Renewal Program | E41: =CSU!D22 -> 1400329 | F41: =CSU!K22 -> 754443 | G41: 0 | H41: 754443 | I41: =F41-G41-H41 -> 0 | J41: =E41-F41 -> 645886
A43: CSU Total | E43: =SUM(E40:E42) -> 3900329 | F43: =SUM(F40:F42) -> 995875.04 | G43: =SUM(G40:G42) -> 0 | H43: =SUM(H40:H42) -> 856926.5 | I43: =SUM(I40:I42) -> 138948.54 | J43: =SUM(J40:J42) -> 2904454
A45: 23 | D45: FSU Facilities Renewal | E45: =FSU!D34 -> 10000000 | F45: =FSU!K34 -> 8724995 | G45: 3682935 | H45: 3374097.9 | I45: =F45-G45-H45 -> 1667962 | J45: =E45-F45 -> 1275005
A46: 23 | D46: FSU Cordts PE Renovation/Regional Recreation Center | E46: =FSU!D40 -> 0 | F46: =FSU!K40 -> 0 | G46: 0 | H46: 0 | I46: =F46-G46-H46 -> 0 | J46: =E46-F46 -> 0
A47: 23 | D47: FSU Facilities Renewal Program | E47: =FSU!D51 -> 1277670 | F47: =FSU!K51 -> 993304.7 | G47: 0 | H47: 251750.7 | I47: =F47-G47-H47 -> 741554 | J47: =E47-F47 -> 284365.3
A49: FSU Total | E49: =SUM(E45:E48) -> 11277670 | F49: =SUM(F45:F48) -> 9718299.7 | G49: =SUM(G45:G48) -> 3682935 | H49: =SUM(H45:H48) -> 3625848.6 | I49: =SUM(I45:I48) -> 2409516 | J49: =SUM(J45:J48) -> 1559370.3
A51: 23 | D51: SU Blackwell Hall Renovation | E51: =SU!D23 -> 1940000 | F51: =SU!K23 -> 1923054.2 | G51: 370930.56 | H51: 1509882.4 | I51: =F51-G51-H51 -> 42241.15 | J51: =E51-F51 -> 16945.85
A52: 23 | D52: SU Facilities Renewal Program | E52: =SU!D43 -> 2339352 | F52: =SU!K43 -> 1771250 | G52: 154012.9 | H52: 1501319 | I52: =F52-G52-H52 -> 115918.05 | J52: =E52-F52 -> 568102
A54: SU Total | E54: =SUM(E51:E53) -> 4279352 | F54: =SUM(F51:F53) -> 3694304.2 | G54: =SUM(G51:G53) -> 524943.46 | H54: =SUM(H51:H53) -> 3011201.5 | I54: =SUM(I51:I53) -> 158159.2 | J54: =SUM(J51:J53) -> 585047.85
A56: 23 | D56: TU Health Professions Building | E56: =TU!D48 -> 88695000 | F56: =TU!K48 -> 88694630 | G56: 53054241 | H56: 35083658 | I56: =F56-G56-H56 -> 556731.59 | J56: =E56-F56 -> 369.86
A57: 23 | D57: TU Visual & Com Tech (Smith Hall Renovation) | E57: =TU!D68 -> 6066000 | F57: =TU!K68 -> 6066000 | G57: 708625.63 | H57: 4190837.8 | I57: =F57-G57-H57 -> 1166536.6 | J57: =E57-F57 -> 0.0099999998
A58: 23 | D58: TU Facilities Renewal Program | E58: =TU!D88 -> 5796085 | F58: =TU!K88 -> 617817.6 | G58: 0 | H58: 78030.17 | I58: =F58-G58-H58 -> 539787.43 | J58: =E58-F58 -> 5178267.4
A60: TU Total | E60: =SUM(E56:E59) -> 100557085 | F60: =SUM(F56:F59) -> 95378448 | G60: =SUM(G56:G59) -> 53762867 | H60: =SUM(H56:H59) -> 39352526 | I60: =SUM(I56:I59) -> 2263055.6 | J60: =SUM(J56:J59) -> 5178637.3
A62: 23 | D62: UB Facilities Renewal Program | E62: =UB!D14 -> 2207480 | F62: =UB!K14 -> 486414.03 | G62: 0 | H62: 0 | I62: =F62-G62-H62 -> 486414.03 | J62: =E62-F62 -> 1721066
A64: UB Total | E64: =SUM(E62:E62) -> 2207480 | F64: =SUM(F62:F62) -> 486414.03 | G64: =SUM(G62:G62) -> 0 | H64: =SUM(H62:H62) -> 0 | I64: =SUM(I62:I62) -> 486414.03 | J64: =SUM(J62:J62) -> 1721066
A66: 23 | D66: USM Facilities Renewal Program | E66: =USM!D12+USM!D17+USM!D22+USM!D27 -> 3471730 | F66: =USM!K12+USM!K17+USM!K22+USM!K27 -> 916927 | G66: 0 | H66: 498227 | I66: =F66-G66-H66 -> 418700 | J66: =E66-F66 -> 2554803
A68: USM Total | E68: =SUM(E66:E66) -> 3471730 | F68: =SUM(F66:F66) -> 916927 | G68: =SUM(G66:G66) -> 0 | H68: =SUM(H66:H66) -> 498227 | I68: =SUM(I66:I66) -> 418700 | J68: =SUM(J66:J66) -> 2554803
A71: Total | E71: =E10+E15+E19+E23+E27+E33+E38+E43+E49+E54+E60+E64+E68 -> 330980000 | F71: =F10+F15+F19+F23+F27+F33+F38+F43+F49+F54+F60+F64+F68 -> 2.8030722e+08 | G71: =G10+G15+G19+G23+G27+G33+G38+G43+G49+G54+G60+G64+G68 -> 1.4634675e+08 | H71: =H10+H15+H19+H23+H27+H33+H38+H43+H49+H54+H60+H64+H68 -> 94724979 | I71: =I10+I15+I19+I23+I27+I33+I38+I43+I49+I54+I60+I64+I68 -> 39235494 | J71: =J10+J15+J19+J23+J27+J33+J38+J43+J49+J54+J60+J64+J68 -> 50672780

Sheet UMCP
A2: FY2023 Paygo Funding
A4: Project Description | B4: KFS | C4: BPW/Item | D4: Auth Amt | E4: FY | F4: Appropriation | G4: Vendor Name | H4: INVOICE NO. | I4: Date | J4: Certificate | K4: Invoice | L4: Balance | M4: KFS | N4: Date
B5: Account | D5: DGS Trans | F5: Number | I5: Processed | J5: Number | K5: Amount | L5: Available | M5: Doc #
A7: Authorization | C7: 10/25/22 Transferred from DBM | D7: 57817000 | E7: 23
A8: UMCP Chemistry Building Wing 1 Replacement | E8: 23 | G8: The Whiting-Turner Contracting Company | H8: (38) 018100-0052 | I8: 44965 | J8: PG23-019 | K8: 7588233.5 | M8: 11488251 | N8: 44974
A9: UMCP Chemistry Building Wing 1 Replacement | E9: 23 | G9: The Whiting-Turner Contracting Company | H9: (37) 018100-0051(Split) | I9: 44965 | J9: PG23-019 | K9: 2165048.8 | M9: 11488251 | N9: 44974
A10: UMCP Chemistry Building Wing 1 Replacement | E10: 23 | G10: Bowman Consulting Group, Ltd. | H10: 15048.03-10/15048.03-11 | I10: 44986 | J10: PG23-025 | K10: =7720+1505 -> 9225 | M10: 11584724 | N10: 44999
A11: UMCP Chemistry Building Wing 1 Replacement | E11: 23 | G11: The Whiting-Turner Contracting Company | H11: 39 | I11: 45000 | J11: PG23-028 | K11: 5419435.7 | M11: 11612733 | N11: 45009
A12: UMCP Chemistry Building Wing 1 Replacement | E12: 23 | G12: Bowman Consulting Group, Ltd. | H12: 361108 | I12: 45009 | J12: PG23-029 | K12: 5292.58 | M12: 11706388 | N12: 45033
A13: UMCP Chemistry Building Wing 1 Replacement | E13: 23 | G13: The Whiting-Turner Contracting Company | H13: 40 | I13: 45028 | J13: PG23-034 | K13: 4956456.4 | M13: 11706388 | N13: 45033
A14: UMCP Chemistry Building Wing 1 Replacement | E14: 23 | G14: Bowman Consulting Group, Ltd. | H14: 373142 | I14: 45047 | J14: PG23-039 | K14: 4046.42 | M14: 11853679 | N14: 45065
A15: UMCP Chemistry Building Wing 1 Replacement | E15: 23 | G15: The Whiting-Turner Contracting Company | H15: 018100.001 | I15: 45070 | J15: PG23-046 | K15: 4660944.4 | M15: 11891182 | N15: 45076
A16: UMCP Chemistry Building Wing 1 Replacement | E16: 23 | G16: The Whiting-Turner Contracting Company | H16: 018100-0057 | I16: 45091 | J16: PG23-055 | K16: 4024233.7 | M16: 11998394 | N16: 45100
A17: UMCP Chemistry Building Wing 1 Replacement | E17: 23 | G17: Graybar Electric Company, Inc. | H17: 9332559996 | I17: 45114 | J17: PG23-061 | K17: 47954.45 | M17: 12092750 | N17: 45135
A18: UMCP Chemistry Building Wing 1 Replacement | E18: 23 | G18: The Whiting-Turner Contracting Company | H18: 018100-0054 | I18: 45121 | J18: PG23-062 | K18: 136035.48 | M18: 12092750 | N18: 45135
A19: UMCP Chemistry Building Wing 1 Replacement | E19: 23 | G19: Pier Group, LLC | H19: INV4165 | I19: 45126 | J19: PG23-066 | K19: 33061.5 | M19: 12109646 | N19: 45135
A20: UMCP Chemistry Building Wing 1 Replacement | E20: 23 | G20: Pier Group, LLC | H20: INV4172 | I20: 45126 | J20: PG23-066 | K20: 45210.5 | M20: 12109646 | N20: 45135
A21: UMCP Chemistry Building Wing 1 Replacement | E21: 23 | G21: Bowman Consulting Group, Ltd. | H21: 379746 | I21: 45133 | J21: PG23-068 | K21: 13504.41 | M21: 12177926 | N21: 45161
A22: UMCP Chemistry Building Wing 1 Replacement | E22: 23 | G22: The Whiting-Turner Contracting Company | H22: 018100-0058 | I22: 45140 | J22: PG23-070 | K22: 4192637.9 | M22: 12177926 | N22: 45161
A23: UMCP Chemistry Building Wing 1 Replacement | E23: 23 | G23: Pier Group, LLC | H23: 4224 | I23: 45140 | J23: PG23-070 | K23: 23322.5 | M23: 12177926 | N23: 45161
A24: UMCP Chemistry Building Wing 1 Replacement | E24: 23 | G24: Aecom Technical Services Inc. | H24: 2000788858 | I24: 45161 | J24: PG23-079 | K24: 21158.4 | M24: 12338463 | N24: 45196
A25: UMCP Chemistry Building Wing 1 Replacement | E25: 23 | G25: The Whiting-Turner Contracting Company | H25: 018100-0059 | I25: 45176 | J25: PG23-082 | K25: 2860902.8 | M25: 12338463 | N25: 45196
A26: UMCP Chemistry Building Wing 1 Replacement | E26: 23 | G26: Pier Group, LLC | H26: INV4438 | I26: 45184 | J26: PG23-086 | K26: 71171.25 | M26: 12361553 | N26: 45196
A27: UMCP Chemistry Building Wing 1 Replacement | E27: 23 | G27: Aecom Technical Services Inc. | H27: 2000779034 | I27: 45184 | J27: PG23-086 | K27: 22216.32 | M27: 12361553 | N27: 45196
A28: UMCP Chemistry Building Wing 1 Replacement | E28: 23 | G28: Aecom Technical Services Inc. | H28: 2000766627 | I28: 45184 | J28: PG23-086 | K28: 25919.04 | M28: 12361553 | N28: 45196
A29: UMCP Chemistry Building Wing 1 Replacement | E29: 23 | G29: Pier Group, LLC | H29: INV4513 | I29: 45250 | J29: PG23-095 | K29: 56937 | M29: 12627815 | N29: 45271
A30: UMCP Chemistry Building Wing 1 Replacement | E30: 23 | G30: Aecom Technical Services Inc. | H30: 2000799957 | I30: 45250 | J30: PG23-095 | K30: 24332.16 | M30: 12627815 | N30: 45271
A31: UMCP Chemistry Building Wing 1 Replacement | E31: 23 | G31: The Whiting-Turner Contracting Company | H31: 018100-0061 | I31: 45250 | J31: PG23-095 | K31: 1727517 | M31: 12627815 | N31: 45271
A32: UMCP Chemistry Building Wing 1 Replacement | E32: 23 | G32: Aecom Technical Services Inc. | H32: 2000810160 | I32: 45250 | J32: PG23-097 | K32: 16926.72 | M32: 12627815 | N32: 45271
A33: UMCP Chemistry Building Wing 1 Replacement | E33: 23 | G33: The Whiting-Turner Contracting Company | H33: 018100-0062 | I33: 45250 | J33: PG23-097 | K33: 1958900.1 | M33: 12627815 | N33: 45271
A34: UMCP Chemistry Building Wing 1 Replacement | E34: 23 | G34: Aecom Technical Services Inc. | H34: 2000822109 | I34: 45271 | J34: PG23-109 | K34: 21158.4 | M34: 12702135 | N34: 45278
A35: UMCP Chemistry Building Wing 1 Replacement | E35: 23 | G35: The Whiting-Turner Contracting Company | H35: 018100-0063 | I35: 45271 | J35: PG23-110 | K35: 1741287.5 | M35: 12702135 | N35: 45278
A36: UMCP Chemistry Building Wing 1 Replacement | E36: 23 | G36: The Whiting-Turner Contracting Company | H36: 018100-0064 | I36: 45295 | J36: PG23-116 | K36: 1464376.8 | M36: 12815305 | N36: 45320
A37: UMCP Chemistry Building Wing 1 Replacement | E37: 23 | G37: The Whiting-Turner Contracting Company | H37: 018100-0066 | I37: 45295 | J37: PG23-116 | K37: 654273.67 | M37: 12815305 | N37: 45320
A38: UMCP Chemistry Building Wing 1 Replacement | E38: 23 | G38: Aecom Technical Services Inc. | H38: 2000832346 | I38: 45295 | J38: PG23-116 | K38: 21158.4 | M38: 12815305 | N38: 45320
A39: UMCP Chemistry Building Wing 1 Replacement | E39: 23 | G39: Aecom Technical Services Inc. | H39: 2000842323 | I39: 45327 | J39: PG23-126 | K39: 20100.48 | M39: 12904178 | N39: 45348
A40: UMCP Chemistry Building Wing 1 Replacement | E40: 23 | G40: TA Instruments - Waters L.L.C. | H40: 262343110 | I40: 45330 | J40: PG23-128 | K40: 275.27 | M40: 12953849 | N40: 45348
A41: UMCP Chemistry Building Wing 1 Replacement | E41: 23 | G41: TA Instruments - Waters L.L.C. | H41: 262342780 | I41: 45330 | J41: PG23-128 | K41: 3937.93 | M41: 12953849 | N41: 45348
A42: UMCP Chemistry Building Wing 1 Replacement | E42: 23 | G42: TA Instruments - Waters L.L.C. | H42: 262342155 | I42: 45330 | J42: PG23-128 | K42: 3251.39 | M42: 12953849 | N42: 45348
A43: UMCP Chemistry Building Wing 1 Replacement | E43: 23 | G43: TA Instruments - Waters L.L.C. | H43: 262341674 | I43: 45330 | J43: PG23-128 | K43: 545923.88 | M43: 12953849 | N43: 45348
A44: UMCP Chemistry Building Wing 1 Replacement | E44: 23 | G44: Aecom Technical Services Inc. | H44: 2000858244 | I44: 45351 | J44: PG23-139 | K44: 23274.24 | M44: 13043230 | N44: 45377
A45: UMCP Chemistry Building Wing 1 Replacement | E45: 23 | G45: UMCP Reimbursement | H45: Ltr Dtd 03/05/24 | I45: 45359 | J45: PG23-140 | K45: 841489.88 | M45: 13043230 | N45: 45377
A46: UMCP Chemistry Building Wing 1 Replacement | E46: 23 | G46: Bowman Consulting Group, Ltd. | H46: 414548 | I46: 45366 | J46: PG23-145 | K46: 7940.65 | M46: 13062445 | N46: 45377
A47: UMCP Chemistry Building Wing 1 Replacement | E47: 23 | G47: The Whiting-Turner Contracting Company | H47: 018100-0067 | I47: 45390 | J47: PG23-152 | K47: 726538.36 | M47: 13208376 | N47: 45412
A48: UMCP Chemistry Building Wing 1 Replacement | E48: 23 | G48: The Whiting-Turner Contracting Company | H48: 018100-0068 | I48: 45390 | J48: PG23-154 | K48: 658511.68 | M48: 13208376 | N48: 45412
A49: UMCP Chemistry Building Wing 1 Replacement | E49: 23 | G49: The Whiting-Turner Contracting Company | H49: 018100-0065 | I49: 45404 | J49: PG23-155 | K49: 24930.96 | M49: 13208376 | N49: 45412 | O49: 05/22/19 4-C
A50: UMCP Chemistry Building Wing 1 Replacement | E50: 23 | G50: Bowman Consulting Group, Ltd. | H50: 418635 | I50: 45404 | J50: PG23-155 | K50: 25132.85 | M50: 13208376 | N50: 45412 | O50: 07/01/20 1-GM
A51: UMCP Chemistry Building Wing 1 Replacement | E51: 23 | G51: Aecom Technical Services Inc. | H51: 2000864686 | I51: 45404 | J51: PG23-155 | K51: 22216.32 | M51: 13208376 | N51: 45412 | O51: 04/19/23 1-GM
A52: UMCP Chemistry Building Wing 1 Replacement | E52: 23 | G52: Aecom Technical Services Inc. | H52: 2000876913 | I52: 45434 | J52: PG23-159 | K52: 20893.92 | M52: 13331708 | N52: 45441
A53: UMCP Chemistry Building Wing 1 Replacement | E53: 23 | G53: Bowman Consulting Group, Ltd. | H53: 422509 | I53: 45434 | J53: PG23-159 | K53: 15189.8 | M53: 13331708 | N53: 45441
A54: UMCP Chemistry Building Wing 1 Replacement | E54: 23 | G54: Bowman Consulting Group, Ltd. | H54: 410490 | I54: 45434 | J54: PG23-159 | K54: 23613.29 | M54: 13331708 | N54: 45441
A55: UMCP Chemistry Building Wing 1 Replacement | E55: 23 | G55: UMCP Reimbursement | H55: Ltr Dtd 05/30/24 | I55: 45454 | J55: PG23-161 | K55: 141970.36 | M55: 13425578 | N55: 45463
A56: UMCP Chemistry Building Wing 1 Replacement | B56: 8880061 | E56: 23 | G56: Aecom Technical Services Inc. | H56: 2000889102 | I56: 45456 | J56: PG23-166 | K56: 22271.04 | M56: 13425578 | N56: 45463
A57: UMCP Chemistry Building Wing 1 Replacement | E57: 23 | G57: The Whiting-Turner Contracting Company | H57: 018100-0069 | I57: 45456 | J57: PG23-166 | K57: 812887.74 | M57: 13425578 | N57: 45463
A58: UMCP Chemistry Building Wing 1 Replacement | E58: 23 | G58: The Whiting-Turner Contracting Company | H58: 018100-0070 | I58: 45495 | J58: PG23-172 | K58: 344621.7 | M58: 13562178 | N58: 45504
A59: UMCP Chemistry Building Wing 1 Replacement | B59: 8880061 | E59: 23 | G59: Aecom Technical Services Inc. | H59: 2000889102 | I59: 45496 | J59: PG23-172 | K59: 22271.04 | M59: 13562178 | N59: 45504
A60: UMCP Chemistry Building Wing 1 Replacement | B60: 8880061 | E60: 23 | G60: Aecom Technical Services Inc. | H60: 2000901215 | I60: 45525 | J60: PG23-174 | K60: 18217.2 | M60: 13704619 | N60: 45536
A61: UMCP Chemistry Building Wing 1 Replacement | E61: 23 | G61: Bowman Consulting Group, Ltd. | H61: 441252 | I61: 45525 | J61: PG23-174 | K61: 1478.61 | M61: 13704619 | N61: 45536
A62: UMCP Chemistry Building Wing 1 Replacement | E62: 23 | G62: MOI, Inc. | H62: 120067 | I62: 45525 | J62: PG23-174 | K62: 264049.86 | M62: 13704619 | N62: 45536
A63: UMCP Chemistry Building Wing 1 Replacement | E63: 23 | G63: Aecom Technical Services Inc. | H63: 2000920616 | I63: 45559 | J63: PG23-181 | K63: 22503.6 | M63: 13836916 | N63: 45561
A64: UMCP Chemistry Building Wing 1 Replacement | E64: 23 | G64: MOI, Inc. | H64: 126324-A | I64: 45559 | J64: PG23-181 | K64: 55580.74 | M64: 13836916 | N64: 45561
A65: UMCP Chemistry Building Wing 1 Replacement | E65: 23 | G65: TA Instruments - Waters L.L.C. | H65: 262354183 | I65: 45574 | J65: PG23-185 | K65: 231334.12 | M65: 13924866 | N65: 10/24/2024
A66: UMCP Chemistry Building Wing 1 Replacement | B66: 8880061 | E66: 23 | G66: Aecom Technical Services Inc. | H66: 2000910093 | I66: 45574 | J66: PG23-185 | K66: 18217.2 | M66: 13924866 | N66: 10/24/2024
A67: UMCP Chemistry Building Wing 1 Replacement | E67: 23 | G67: The Whiting-Turner Contracting Company | H67: 018100-0071 | I67: 45574 | J67: PG23-185 | K67: 732875.04 | M67: 13924866 | N67: 10/24/2024
A68: UMCP Chemistry Building Wing 1 Replacement | B68: 8880138 | E68: 23 | G68: Aecom Technical Services Inc. | H68: 2000931172 | I68: 45586 | J68: PG23-186 | K68: 23575.2 | M68: 13974413 | N68: 10/24/2024
A69: UMCP Chemistry Building Wing 1 Replacement | E69: 23 | G69: VWR International LLC | H69: 8816956009 | I69: 45616 | J69: PG23-190(1) | K69: 17982.5 | M69: JRN-000746 | N69: 45623
A70: UMCP Chemistry Building Wing 1 Replacement | E70: 23 | G70: Aecom Technical Services Inc. | H70: 2000942687 | I70: 45616 | J70: PG23-190(2) | K70: 20360.4 | M70: JRN-000746 | N70: 45623
A71: UMCP Chemistry Building Wing 1 Replacement | E71: 23 | G71: UMCP Reimbursement | H71: Ltr Dtd 11/06/24 | I71: 45637 | J71: PG23-188(1) | K71: 125389.88 | M71: JRN-002566 | N71: 45642
A72: UMCP Chemistry Building Wing 1 Replacement | E72: 23 | G72: Maryland Correctional Enterprises | H72: H02526 | I72: 45639 | J72: PG23-188(3) | K72: 6298 | M72: JRN-002566 | N72: 45642
A73: UMCP Chemistry Building Wing 1 Replacement | E73: 23 | G73: Maryland Correctional Enterprises | H73: H02525 | I73: 45639 | J73: PG23-188(4) | K73: 6323 | M73: JRN-002566 | N73: 45642
A74: UMCP Chemistry Building Wing 1 Replacement | E74: 23 | G74: UMCP Reimbursement | H74: Ltr Dtd 01/14/25 | I74: 45679 | J74: PG23-193 | K74: 47353.88 | M74: JRN-004852 | N74: 45681
A75: UMCP Chemistry Building Wing 1 Replacement | E75: 23 | G75: Maryland Correctional Enterprises | H75: H02375 | I75: 45686 | J75: PG23-196(1) | K75: 55072 | M75: JRN-005306 | N75: 45687
A76: UMCP Chemistry Building Wing 1 Replacement | E76: 23 | G76: Maryland Correctional Enterprises | H76: H02372 | I76: 45686 | J76: PG23-196(2) | K76: 5020 | M76: JRN-005306 | N76: 45687
A77: UMCP Chemistry Building Wing 1 Replacement | E77: 23 | G77: Graybar Electric Company, Inc. | H77: 9339866876 | I77: 45686 | J77: PG23-196(4) | K77: 2040 | M77: JRN-005306 | N77: 45687
A78: UMCP Chemistry Building Wing 1 Replacement | E78: 23 | G78: Maryland Correctional Enterprises | H78: H02374 | I78: 45686 | J78: PG23-196(6) | K78: 33758 | M78: JRN-005306 | N78: 45687
A79: UMCP Chemistry Building Wing 1 Replacement | E79: 23 | G79: Maryland Correctional Enterprises | H79: H02376 | I79: 45686 | J79: PG23-196(7) | K79: 20186 | M79: JRN-005306 | N79: 45687
A80: UMCP Chemistry Building Wing 1 Replacement | E80: 23 | G80: Maryland Correctional Enterprises | H80: H02371 | I80: 45686 | J80: PG23-196(8) | K80: 29114 | M80: JRN-005306 | N80: 45687
A81: UMCP Chemistry Building Wing 1 Replacement | E81: 23 | G81: Graybar Electric Company, Inc. | H81: 9339844202 | I81: 45686 | J81: PG23-196(9) | K81: 6529 | M81: JRN-005306 | N81: 45687
A82: UMCP Chemistry Building Wing 1 Replacement | E82: 23 | G82: Maryland Correctional Enterprises | H82: Various invoices | I82: 45712 | J82: PG23-201(4) | K82: 1143023.6 | M82: JRN-008111 | N82: 45726
A83: UMCP Chemistry Building Wing 1 Replacement | E83: 23 | G83: Vexlum Oy | H83: INV-510567/1174 | I83: 45728 | J83: PG23-205(1) | K83: 58400 | M83: JRN-009562 | N83: 45732
A84: UMCP Chemistry Building Wing 1 Replacement | E84: 23 | G84: Maryland Correctional Enterprises | H84: H02373 | I84: 45728 | J84: PG23-205(12) | K84: 97486 | M84: JRN-009562 | N84: 45732
A85: UMCP Chemistry Building Wing 1 Replacement | E85: 23 | G85: The Whiting-Turner Contracting Co Inc | H85: (56)018100-0073 | I85: 45728 | J85: PG23-205(5) | K85: 1106443 | M85: JRN-009562 | N85: 45732
A86: UMCP Chemistry Building Wing 1 Replacement | E86: 23 | G86: Maryland Correctional Enterprises | H86: H02479 | I86: 45728 | J86: PG23-205(7) | K86: 100980 | M86: JRN-009562 | N86: 45732
A87: UMCP Chemistry Building Wing 1 Replacement | E87: 23 | G87: Bowman Consulting Group | H87: 15048.03-6 | I87: 45741 | J87: PG23-205(3) | K87: 4800 | M87: JRN-010102 | N87: 45743
A88: UMCP Chemistry Building Wing 1 Replacement | E88: 23 | G88: Bowman Consulting Group | H88: 15048.03-9 | I88: 45741 | J88: PG23-205(4) | K88: 2975 | M88: JRN-010102 | N88: 45743
A89: UMCP Chemistry Building Wing 1 Replacement | E89: 23 | G89: Bowman Consulting Group | H89: 463549 | I89: 45741 | J89: PG23-205(14) | K89: 1166.64 | M89: JRN-010102 | N89: 45743
A90: UMCP Chemistry Building Wing 1 Replacement | E90: 23 | G90: Bowman Consulting Group | H90: 468432 | I90: 45741 | J90: PG23-205(15) | K90: 1648.46 | M90: JRN-010102 | N90: 45743
A91: UMCP Chemistry Building Wing 1 Replacement | E91: 23 | G91: The Whiting-Turner Contracting Co Inc | H91: 181000072 | I91: 45763 | J91: PG23-212(4) | K91: 1482919.9 | M91: JRN-012904 | N91: 45769
A92: UMCP Chemistry Building Wing 1 Replacement | E92: 23 | G92: VWR International, Llc | H92: 8816956009A | I92: 45792 | J92: PG23-217(06) | K92: 17982.5 | M92: JRN-016366 | N92: 45805
A93: UMCP Chemistry Building Wing 1 Replacement | E93: 23 | G93: Maryland Correctional Enterprises | H93: H02524 | I93: 45792 | J93: PG23-217(07) | K93: 6301 | M93: JRN-016366 | N93: 45805
A94: UMCP Chemistry Building Wing 1 Replacement | E94: 23 | G94: Maryland Correctional Enterprises | H94: H02711 | I94: 45792 | J94: PG23-217(08) | K94: 136613 | M94: JRN-016366 | N94: 45805
A95: UMCP Chemistry Building Wing 1 Replacement | E95: 23 | G95: UMCP Reimbursement | H95: Ltr Dtd 05/15/25 | I95: 45796 | J95: PG23-217(13) | K95: 22034.375 | M95: JRN-016444 | N95: 45805
A97: UMCP Chemistry Building Wing 1 Replacement Total | D97: =SUM(D7:D8) -> 57817000 | K97: =SUM(K7:K96) -> 54246153 | L97: =+D97-K97 -> 3570846.9
A99: Authorization | E99: 23
A100: UMCP School of Public Health Building Roof | D100: =1600000-1600000 -> 0 | E100: 23 | G100: Hord Coplan Macht, Inc. | H100: 09762689 | I100: 44944 | J100: PG23-015 | K100: 15046.7 | M100: 11381774 | N100: 44953 | O100: UMCP Replace Failing Water & Sanitary Piping Union Lane/Fieldhouse
A101: UMCP Replace Failing Steam Piping Along Preinkert Drive | D101: =3400000+173000+800000 -> 4373000 | E101: 23 | G101: Hord Coplan Macht, Inc. | H101: 09763166 | I101: 44973 | J101: PG23-021 | K101: 22570.05 | M101: 11501825 | N101: 44978
A102: UMCP Replace Failing Storm Drain Piping | D102: 2470000 | E102: 23 | G102: Hord Coplan Macht, Inc. | H102: 09763449 | I102: 44993 | J102: PG23-026 | K102: 22570.05 | M102: 11584724 | N102: 44999
A103: UMCP Replace Failing Heating & Chilled Water Prping, Fieldhouse Dr. | D103: =1500000+1830000 -> 3330000 | E103: 23 | G103: Hord Coplan Macht, Inc. | H103: 09764286 | I103: 45050 | J103: PG23-041 | K103: 15046.7 | M103: 11853679 | N103: 45065
A104: Jimenez Hall HVAC Improvements | D104: 1400000 | E104: 23 | G104: Hord Coplan Macht, Inc. | H104: 09764751 | I104: 45079 | J104: PG23-048 | K104: 7523.35 | M104: 11950237 | N104: 45089
A105: UMCP Toll Building - Replace Failing Air Handing Units | D105: 1300000 | E105: 23 | G105: J. Vinton Schafer & Sons, Inc. | H105: 9 Storm | I105: 45105 | J105: PG23-057 | K105: 145933.1 | M105: 12092750 | N105: 45135
...

Sheet UMB
A2: FY2023 Paygo Funding
A4: Project Description | B4: KFS | C4: BPW/Item | D4: Auth Amt | E4: FY | F4: Appropriation | G4: Vendor Name | H4: INVOICE NO. | I4: Date | J4: Certificate | K4: Invoice | L4: Balance | M4: KFS | N4: Date
B5: Account | D5: DGS Trans | F5: Number | I5: Processed | J5: Number | K5: Amount | L5: Available | M5: Doc #
A7: Authorization
A8: UMB Central Electric Substation and Redundancy | C8: 10/25/22 Transferred from DBM | D8: 16138000 | E8: 23 | G8: Highlander Contracting Company, LLC | H8: 1 | I8: 45637 | J8: PG23-192(1) | K8: 528253.2 | M8: SIR-00000696 | N8: 45643
A9: UMB Central Electric Substation and Redundancy | E9: 23 | G9: Highlander Contracting Company, LLC | H9: 2 | I9: 45706 | J9: PG23-197(2) | K9: 558662.7 | M9: SIR-00002305 | N9: 45713
A10: UMB Central Electric Substation and Redundancy | E10: 23 | G10: Highlander Contracting Company, LLC | H10: 4 | I10: 45796 | J10: PG23-216(1) | K10: 558182 | M10: SIR-00005364 | N10: 45800
A11: UMB Central Electric Substation and Redundancy | E11: 23 | G11: Highlander Contracting Company, LLC | H11: 3 | I11: 45796 | J11: PG23-216(2) | K11: 553204 | M11: SIR-00005364 | N11: 45800
A12: UMB Central Electric Substation and Redundancy | E12: 23 | G12: Highlander Contracting Company, LLC | H12: 5 | I12: 45817 | J12: PG23-222(1) | K12: 986575 | M12: SIR-00005953 | N12: 45825
A14: UMB Central Electric Substation and Redundancy Total | D14: =SUM(D7:D13) -> 16138000 | K14: =SUM(K7:K13) -> 3184876.9 | L14: =+D14-K14 -> 12953123
A16: Authorization
A17: UMB 737 West Lombard Street Mechanical System Upgrades | D17: =8000000-8000000+5000000+518835.83 -> 5518835.8 | E17: 23 | G17: Boland Trane Services, Inc. | H17: JC42108 | I17: 45042 | J17: PG23-037 | K17: 772237.17 | M17: 11940004 | N17: 45086
A18: UMB Replacement of the Davidge Hall Roof | D18: =2800000-2800000+4300000 -> 4300000 | E18: 23 | G18: Boland Trane Services, Inc. | H18: JC42442 | I18: 45044 | J18: PG23-038 | K18: 200000 | M18: 11940004 | N18: 45086
A19: UMB Davidge Hall HVAC Renewal | D19: =1591073-1591073+3091073-518835.83 -> 2572237.2 | E19: 23 | G19: Boland Trane Services, Inc. | H19: JC42623 | I19: 45063 | J19: PG23-043 | K19: 209750 | M19: 11980953 | N19: 45097
A20: UMB Facilities Renewal | E20: 23 | G20: Boland Trane Services, Inc. | H20: JC43090 | I20: 45121 | J20: PG23-065 | K20: 300500 | M20: 12398360 | N20: 45202
A21: UMB Facilities Renewal | E21: 23 | G21: Boland Trane Services, Inc. | H21: JC42906 | I21: 45141 | J21: PG23-072 | K21: 85000 | M21: 12398360 | N21: 45202
A22: UMB Facilities Renewal | E22: 23 | G22: Boland Trane Services, Inc. | H22: JC43453 | I22: 45176 | J22: PG23-084 | K22: 385000 | M22: 12398360 | N22: 45202
A23: UMB Facilities Renewal | E23: 23 | G23: Boland Trane Services, Inc. | H23: JC43602 | I23: 45181 | J23: PG23-085 | K23: 354500 | M23: 12554161 | N23: 45237
A24: UMB Facilities Renewal | E24: 23 | G24: Boland Trane Services, Inc. | H24: JC43735 | I24: 45250 | J24: PG23-098 | K24: 192750 | M24: 12758184 | N24: 45299
A25: UMB Facilities Renewal | E25: 23 | G25: Marshall Craft Associates, Inc. | H25: 11765 | I25: 45251 | J25: PG23-103 | K25: 35550.95 | M25: 12758184 | N25: 45299
A26: UMB Facilities Renewal | E26: 23 | G26: Marshall Craft Associates, Inc. | H26: 11853 | I26: 45295 | J26: PG23-117 | K26: 35550.95 | M26: 12817779 | N26: 45315
A27: UMB Facilities Renewal | E27: 23 | G27: Marshall Craft Associates, Inc. | H27: 11908 | I27: 45320 | J27: PG23-123 | K27: 163534.38 | M27: 13209370 | N27: 45406
A28: UMB Facilities Renewal | E28: 23 | G28: Boland Trane Services, Inc. | H28: JC44807 | I28: 45324 | J28: PG23-125 | K28: 72500 | M28: 13209370 | N28: 45406
A29: UMB Facilities Renewal | E29: 23 | G29: Marshall Craft Associates, Inc. | H29: 11961 | I29: 45341 | J29: PG23-135 | K29: 99586.72 | M29: 13209370 | N29: 45406
A30: UMB Facilities Renewal | E30: 23 | G30: Marshall Craft Associates, Inc. | H30: 12024 | I30: 45378 | J30: PG23-148 | K30: 97216.66 | M30: 13209370 | N30: 45406
A31: UMB Facilities Renewal | E31: 23 | G31: Marshall Craft Associates, Inc. | H31: 12074 | I31: 45454 | J31: PG23-165 | K31: 5663.07 | M31: 13420307 | N31: 45456
A32: UMB Facilities Renewal | E32: 23 | G32: Marshall Craft Associates, Inc. | H32: 12135 | I32: 45454 | J32: PG23-165 | K32: 101935.3 | M32: 13420307 | N32: 45456
A33: UMB Facilities Renewal | E33: 23 | G33: The Christman Company | H33: 1 | I33: 45485 | J33: PG23-168 | K33: 768875.85 | M33: 13570373 | N33: 45498
A34: UMB Facilities Renewal | E34: 23 | G34: The Christman Company | H34: 2 | I34: 45485 | J34: PG23-168 | K34: 441262.65 | M34: 13570373 | N34: 45498
A35: UMB Facilities Renewal | E35: 23 | G35: The Christman Company | H35: 3 | I35: 45485 | J35: PG23-168 | K35: 287347.16 | M35: 13570373 | N35: 45498
A36: UMB Facilities Renewal | E36: 23 | G36: The Christman Company | H36: 4 | I36: 45558 | J36: PG23-179 | K36: 260443.47 | M36: 13855697 | N36: 45562
A37: UMB Facilities Renewal | E37: 23 | G37: The Christman Company | H37: 5 | I37: 45558 | J37: PG23-179 | K37: 361714.63 | M37: 13855697 | N37: 45562
A38: UMB Facilities Renewal | E38: 23 | G38: The Christman Company | H38: 6 | I38: 45574 | J38: PG23-183 | K38: 321719.68 | M38: 13981225 | N38: 10/23/2024
A39: UMB Facilities Renewal | E39: 23 | G39: Marshall Craft Associates, Inc. | H39: 12409 | I39: 45574 | J39: PG23-183 | K39: 5663.07 | M39: 13981225 | N39: 10/23/2024
A40: UMB Facilities Renewal | E40: 23 | G40: The Christman Company | H40: 7 | I40: 45616 | J40: PG23-191 | K40: 350404.65 | M40: SIR-00000243 | N40: 45635
A41: UMB Facilities Renewal | E41: 23 | G41: Marshall Craft Associates, Inc. | H41: 12546 | I41: 45637 | J41: PG23-192 | K41: 11037.25 | M41: SIR-00000696 | N41: 45643
A42: UMB Facilities Renewal | E42: 23 | G42: The Christman Company | H42: 8 | I42: 45637 | J42: PG23-192 | K42: 337543.49 | M42: SIR-00000696 | N42: 45643
A43: UMB Facilities Renewal | E43: 23 | G43: Marshall Craft Associates, Inc. | H43: 12632 | I43: 45679 | J43: PG23-193 | K43: 2759.31 | M43: SIR-00001375 | N43: 45681
A44: UMB Facilities Renewal | E44: 23 | G44: Marshall Craft Associates, Inc. | H44: 12692 | I44: 45706 | J44: PG23-197(1) | K44: 3679.08 | M44: SIR-00002305 | N44: 45713
A45: UMB Facilities Renewal | E45: 23 | G45: The Christman Company | H45: 10 | I45: 45706 | J45: PG23-197(3) | K45: 73835.65 | M45: SIR-00002305 | N45: 45713
A46: UMB Facilities Renewal | E46: 23 | G46: Marshall Craft Associates, Inc. | H46: 12781 | I46: 45706 | J46: PG23-197(4) | K46: 919.77 | M46: SIR-00002305 | N46: 45713
A47: UMB Facilities Renewal | E47: 23 | G47: The Christman Company | H47: 9 | I47: 45728 | J47: PG23-203(1) | K47: 269911.32 | M47: SIR-00002981 | N47: 45732
A48: UMB Facilities Renewal | E48: 23 | G48: The Christman Company | H48: 11 | I48: 45728 | J48: PG23-203(2) | K48: 8087.54 | M48: SIR-00002981 | N48: 45732
A49: UMB Facilities Renewal | E49: 23 | G49: The Christman Company | H49: 12 | I49: 45763 | J49: PG23-213 | K49: 55733.43 | M49: SIR-00004200 | N49: 45769
A50: UMB Facilities Renewal | E50: 23 | G50: The Christman Company | H50: 14 | I50: 45819 | J50: PG23-222(2) | K50: 52197.87 | M50: SIR-00005953 | N50: 45825
A51: UMB Facilities Renewal | E51: 23 | G51: Marshall Craft Associates, Inc. | H51: 13047 | I51: 45819 | J51: PG23-222(3) | K51: 9375.32 | M51: SIR-00005953 | N51: 45825
A52: UMB Facilities Renewal | E52: 23 | G52: The Christman Company | H52: 13 | I52: 45819 | J52: PG23-222(4) | K52: 186640.21 | M52: SIR-00005953 | N52: 45825
A54: UMB Facilities Renewal Total | D54: =SUM(D16:D53) -> 12391073 | K54: =SUM(K16:K53) -> 6920426.6 | L54: =+D54-K54 -> 5470646.4
K1046821: =SUM(#REF!,#REF!,#REF!,#REF!,#REF!,#REF!,#REF!,#REF!,#REF!,#REF!,#REF!,#REF!,#REF!,#REF!,#REF!,#REF!,#REF!,#REF!,#REF!,#REF!,#REF!,#REF!,#REF!,#REF!,#REF!,#REF!,#REF!,#REF!,#REF!,#REF!,#REF!,#REF!,#REF!,#REF!,#REF!,#REF!,#REF!,#REF!,#REF!,#REF!,#REF!,#REF!,#REF!,#REF!,#REF!,#REF!,#REF!,#REF!,#REF!,#REF!,#REF!,#REF!,#REF!,#REF!,#REF!,#REF!,#REF!,#REF!,#REF!,#REF!,#REF!,#REF!,#REF!,#REF!,#REF!,#REF!,#REF!,#REF!,#REF!,#REF!,#REF!,#REF!,#REF!,#REF!,#REF!,#REF!,#REF!,#REF!,#REF!,#REF!,#REF!,#REF!,#REF!,#REF!,#REF!,#REF!,#REF!,#REF!,#REF!,#REF!,#REF!,#REF!,#REF!,#REF!,#REF!,#REF!,#REF!,#REF!,#REF!,#REF!,#REF!,#REF!) -> #REF!

Sheet UMES
A2: FY2023 Paygo Funding
A4: Project Description | B4: KFS | C4: BPW/Item | D4: Auth Amt | E4: FY | F4: Appropriation | G4: Vendor Name | H4: INVOICE NO. | I4: Date | J4: Certificate | K4: Invoice | L4: Balance | M4: KFS | N4: Date
B5: Account | D5: DGS Trans | F5: Number | I5: Processed | J5: Number | K5: Amount | L5: Available | M5: Doc #
A7: Authorization
A8: UMES 6 Classroom Building, Envelope Reairs (Window, Masonry) | D8: 959796 | E8: 23
A10: UMES 6 Classroom Building, Envelope Reairs (Window, Masonry) | D10: =SUM(D8:D9) -> 959796 | K10: =SUM(K8:K9) -> 0 | L10: =+D10-K10 -> 959796
A12: UMES 6 Offfice/Admin Buildings, Envelope Repairs (Window, Masonry) | D12: 763744 | E12: 23 | G12: Paige Industrial Services | H12: 2230-001 | I12: 44810 | J12: PG23-001 | K12: 51368.4 | M12: 10919361 | N12: 44820
A13: UMES 6 Offfice/Admin Buildings, Envelope Repairs (Window, Masonry) | E13: 23 | G13: Paige Industrial Services | H13: 2230-002 | I13: 44811 | J13: PG23-002 | K13: 71945.11 | M13: 10919427 | N13: 44820
A14: UMES 6 Offfice/Admin Buildings, Envelope Repairs (Window, Masonry) | E14: 23 | G14: Paige Industrial Services | H14: 2230-003 | I14: 44958 | J14: PG23-017 | K14: 40315.75 | M14: 11488251 | N14: 44974
A15: UMES 6 Offfice/Admin Buildings, Envelope Repairs (Window, Masonry) | E15: 23 | G15: UMCP Reimbursement | H15: Ltr Dtd 03/05/24 | I15: 45359 | J15: PG23-140 | K15: 74.02 | M15: 13043230 | N15: 45377
A16: UMES 6 Offfice/Admin Buildings, Envelope Repairs (Window, Masonry) | E16: 23 | G16: UMCP Reimbursement | H16: Ltr Dtd 05/30/24 | I16: 45454 | J16: PG23-161 | K16: 666.18 | M16: 13425578 | N16: 45463
A17: UMES 6 Offfice/Admin Buildings, Envelope Repairs (Window, Masonry) | E17: 23 | G17: UMCP Reimbursement | H17: Ltr Dtd 11/06/24 | I17: 45637 | J17: PG23-188(1) | K17: 5699.54 | M17: JRN-002566 | N17: 45642
A18: UMES 6 Offfice/Admin Buildings, Envelope Repairs (Window, Masonry) | E18: 23 | G18: UMCP Reimbursement | H18: Ltr Dtd 01/14/25 | I18: 45679 | J18: PG23-193 | K18: 28524.5 | M18: JRN-004852 | N18: 45681
A20: UMES 6 Offfice/Admin Buildings, Envelope Repairs (Window, Masonry) | D20: =SUM(D12:D19) -> 763744 | K20: =SUM(K12:K19) -> 198593.5 | L20: =+D20-K20 -> 565150.5
A22: UMES W. P Hytche, Dehumindification System, Chlorine Gen | D22: 500000 | E22: 23
A24: UMES W. P Hytche, Dehumindification System, Chlorine Gen | D24: =SUM(D22:D23) -> 500000 | K24: =SUM(K22:K23) -> 0 | L24: =+D24-K24 -> 500000
A26: UMES EF Performing Arts Center, Envelope & ADA Upgrades | D26: 1003787 | E26: 23
A28: UMES EF Performing Arts Center, Envelope & ADA Upgrades | D28: =SUM(D26:D27) -> 1003787 | K28: =SUM(K26:K27) -> 0 | L28: =+D28-K28 -> 1003787
A30: UMES Facilities Renewal Total | D30: =D10+D20+D24+D28 -> 3227327 | K30: =K10+K20+K24+K28 -> 198593.5 | L30: =L10+L20+L24+L28 -> 3028733.5
A33: UMES 6 Classroom Building, Envelope Reairs (Window, Masonry)
A34: UMES 6 Offfice/Admin Buildings, Envelope Repairs (Window, Masonry)
A35: UMES W. P Hytche, Dehumindification System, Chlorine Gen
A36: UMES EF Performing Arts Center, Envelope & ADA Upgrades
K1046786: =SUM(#REF!,#REF!,#REF!,#REF!,#REF!,#REF!,#REF!,#REF!,#REF!,#REF!,#REF!,#REF!,#REF!,#REF!,#REF!,#REF!,#REF!,#REF!,#REF!,#REF!,#REF!,#REF!,#REF!,#REF!,#REF!,#REF!,#REF!,#REF!,#REF!,#REF!,#REF!,#REF!,#REF!,#REF!,#REF!,#REF!,#REF!,#REF!,#REF!,#REF!,#REF!,#REF!,#REF!,#REF!,#REF!,#REF!,#REF!,#REF!,#REF!,#REF!,#REF!,#REF!,#REF!,#REF!,#REF!,#REF!,#REF!,#REF!,#REF!,#REF!,#REF!,#REF!,#REF!,#REF!,#REF!,#REF!,#REF!,#REF!,#REF!,#REF!,#REF!,#REF!,#REF!,#REF!,#REF!,#REF!,#REF!,#REF!,#REF!,#REF!,#REF!,#REF!,#REF!,#REF!,#REF!,#REF!,#REF!,#REF!,#REF!,#REF!,#REF!,#REF!,#REF!,#REF!,#REF!,#REF!,#REF!,#REF!,#REF!,#REF!,#REF!,#REF!) -> #REF!

Sheet UMBC
A2: FY2023 Paygo Funding
A4: Project Description | B4: KFS | C4: BPW/Item | D4: Auth Amt | E4: FY | F4: Appropriation | G4: Vendor Name | H4: INVOICE NO. | I4: Date | J4: Certificate | K4: Invoice | L4: Balance | M4: KFS | N4: Date
B5: Account | D5: DGS Trans | F5: Number | I5: Processed | J5: Number | K5: Amount | L5: Available | M5: Doc #
A7: Authorization
A8: UMBC Math/Psych, Bio and UC Elevator Upgrades | D8: 3000000 | E8: 23 | G8: Jeffrey Brown Contracting, LLC | H8: 2022-015-01 | I8: 44840 | J8: PG23-005 | K8: 14072.4 | M8: 11268240 | N8: 44908
A9: UMBC Multiple Bldgs Fire Alarm System Upgrades | D9: 1806280 | E9: 23 | G9: Jeffrey Brown Contracting, LLC | H9: 2022-015-02 | I9: 44879 | J9: PG23-006 | K9: 12192.44 | M9: 11268240 | N9: 44908
A10: UMBC Library and Tech Research Center Roof Replacements | D10: 1000000 | E10: 23 | G10: Jeffrey Brown Contracting, LLC | H10: 2022-015-03 | I10: 44931 | J10: PG23-012 | K10: 34606.6 | M10: 11460080 | N10: 44967
A11: UMBC Math/Psych, Bio and UC Elevator Upgrades | E11: 23 | G11: Jeffrey Brown Contracting, LLC | H11: 2022-015-04 | I11: 45000 | J11: PG23-027 | K11: 15646.5 | M11: 11871337 | N11: 45070
A12: UMBC Facilities Renewal | E12: 23 | G12: Jeffrey Brown Contracting, LLC | H12: 2022-015-06 | I12: 45050 | J12: PG23-040 | K12: 79173.76 | M12: 11871337 | N12: 45070
A13: UMBC Facilities Renewal | E13: 23 | G13: Jeffrey Brown Contracting, LLC | H13: 2022-015-07 | I13: 45084 | J13: PG23-051 | K13: 43461.47 | M13: 11980666 | N13: 45097
A14: UMBC Facilities Renewal | E14: 23 | G14: Jeffrey Brown Contracting, LLC | H14: 2022-015-08 | I14: 45113 | J14: PG23-060 | K14: 291443 | M14: 12106972 | N14: 45133
A15: UMBC Facilities Renewal | E15: 23 | G15: Jeffrey Brown Contracting, LLC | H15: 2022-015-10 | I15: 45145 | J15: PG23-073 | K15: 35208.42 | M15: 12248061 | N15: 45167
A16: UMBC Facilities Renewal | E16: 23 | G16: Jeffrey Brown Contracting, LLC | H16: 2022-015-11 | I16: 45160 | J16: PG23-078 | K16: 177355.5 | M16: 12720824 | N16: 45279
A17: UMBC Facilities Renewal | E17: 23 | G17: Jeffrey Brown Contracting, LLC | H17: 2022-015-09 | I17: 45176 | J17: PG23-083 | K17: 83899.13 | M17: 12720824 | N17: 45279
A18: UMBC Facilities Renewal | E18: 23 | G18: Plano-Coudon, LLC | H18: 2(Split) | I18: 45196 | J18: PG23-089 | K18: 179650.75 | M18: 12720824 | N18: 45279
A19: UMBC Facilities Renewal | E19: 23 | G19: Jeffrey Brown Contracting, LLC | H19: 2022-015-12 | I19: 45246 | J19: PG23-093 | K19: 78633.82 | M19: 12758118 | N19: 45299
A20: UMBC Facilities Renewal | E20: 23 | G20: Jeffrey Brown Contracting, LLC | H20: 2022-015-13 | I20: 45246 | J20: PG23-093 | K20: 35836.85 | M20: 12758118 | N20: 45299
A21: UMBC Facilities Renewal | E21: 23 | G21: Jeffrey Brown Contracting, LLC | H21: 2022-015-14 | I21: 45260 | J21: PG23-106 | K21: 86397.75 | M21: 12720824 | N21: 45279
A22: UMBC Facilities Renewal | E22: 23 | G22: Expenditure transfer from Bond funds to PayGo for Plano-Coudon Inv#3(Split), it should be paid from PayGo FY23, was paid mistakenly from Bond funds through 2022A Cert#78 | I22: 45273 | J22: PG23-111 | K22: 820349.25 | M22: 12711479 | N22: 45278
A23: UMBC Facilities Renewal | E23: 23 | G23: Jeffrey Brown Contracting, LLC | H23: 2022-015-15 | I23: 45303 | J23: PG23-118 | K23: 60599.55 | M23: 12815233 | N23: 45315
A24: UMBC Facilities Renewal | E24: 23 | G24: Jeffrey Brown Contracting, LLC | H24: 2022-015-16 | I24: 45341 | J24: PG23-131 | K24: 93278.98 | M24: 13081606 | N24: 45377
A25: UMBC Facilities Renewal | E25: 23 | G25: Jeffrey Brown Contracting, LLC | H25: 2022-015-17 | I25: 45366 | J25: PG23-143 | K25: 40236.3 | M25: 13313908 | N25: 45429
A26: UMBC Facilities Renewal | E26: 23 | G26: Jeffrey Brown Contracting, LLC | H26: 2022-015-18 | I26: 45412 | J26: PG23-157 | K26: 17957.53 | M26: 13313908 | N26: 45429
A27: UMBC Facilities Renewal | E27: 23 | G27: Brawner Builders | H27: 1 | I27: 45574 | J27: PG23-184 | K27: 517806.9 | M27: 13981235 | N27: 10/23/2024
A28: UMBC Facilities Renewal | E28: 23 | G28: Brawner Builders | H28: 2 | I28: 45728 | J28: PG23-204 | K28: 426739.68 | M28: SIR-00002984 | N28: 45732
A29: UMBC Facilities Renewal | E29: 23 | G29: Brawner Builders | H29: 3 | I29: 45814 | J29: PG23-220(1) | K29: 87617.33 | M29: SIR-00005952
A30: UMBC Facilities Renewal | E30: 23 | G30: Brawner Builders | H30: 4 | I30: 45814 | J30: PG23-220(1) | K30: 197578.13 | M30: SIR-00005952
A31: UMBC Facilities Renewal | E31: 23 | G31: Dvorak | H31: 01 | I31: 45814 | J31: PG23-220(2) | K31: 13775 | M31: SIR-00005952
A32: UMBC Facilities Renewal | E32: 23 | G32: Brawner Builders | H32: 5(100098.026-5) | I32: 45824 | J32: PG23-224 | K32: 191710 | M32: SIR-00005952
A34: UMBC Facilities Renewal Total | D34: =SUM(D7:D33) -> 5806280 | K34: =SUM(K7:K33) -> 3635227 | L34: =+D34-K34 -> 2171053
K1046796: =SUM(#REF!,#REF!,#REF!,#REF!,#REF!,#REF!,#REF!,#REF!,#REF!,#REF!,#REF!,#REF!,#REF!,#REF!,#REF!,#REF!,#REF!,#REF!,#REF!,#REF!,#REF!,#REF!,#REF!,#REF!,#REF!,#REF!,#REF!,#REF!,#REF!,#REF!,#REF!,#REF!,#REF!,#REF!,#REF!,#REF!,#REF!,#REF!,#REF!,#REF!,#REF!,#REF!,#REF!,#REF!,#REF!,#REF!,#REF!,#REF!,#REF!,#REF!,#REF!,#REF!,#REF!,#REF!,#REF!,#REF!,#REF!,#REF!,#REF!,#REF!,#REF!,#REF!,#REF!,#REF!,#REF!,#REF!,#REF!,#REF!,#REF!,#REF!,#REF!,#REF!,#REF!,#REF!,#REF!,#REF!,#REF!,#REF!,#REF!,#REF!,#REF!,#REF!,#REF!,#REF!,#REF!,#REF!,#REF!,#REF!,#REF!,#REF!,#REF!,#REF!,#REF!,#REF!,#REF!,#REF!,#REF!,#REF!,#REF!,#REF!,#REF!,#REF!) -> #REF!

Sheet UMGC
A2: FY2023 Paygo Funding
A4: Project Description | B4: KFS | C4: BPW/Item | D4: Auth Amt | E4: FY | F4: Appropriation | G4: Vendor Name | H4: INVOICE NO. | I4: Date | J4: Certificate | K4: Invoice | L4: Balance | M4: KFS | N4: Date
B5: Account | D5: DGS Trans | F5: Number | I5: Processed | J5: Number | K5: Amount | L5: Available | M5: Doc #
A7: Authorization | E7: 23
A8: UMGC Admin Building Conference Room HVAC/Electrical Upgrades | D8: 565000 | E8: 23 | G8: UMGC Reimbursement | H8: Ltr Dtd 07/20/23 | I8: 45141 | J8: PG23-071 | K8: =33975.8+51680+85072.5+47964.55 -> 218692.85 | M8: 12190440 | N8: 45153
A9: UMGC Admin Building Conference Room HVAC/Electrical Upgrades | E9: 23 | G9: UMGC Reimbursement | H9: Ltr Dtd 11/29/23 | I9: 45260 | J9: PG23-107 | K9: 346307.15 | M9: 12674047 | N9: 45268
A11: UMGC Facilities Renewal Total | D11: =SUM(D7:D10) -> 565000 | K11: =SUM(K7:K10) -> 565000 | L11: =+D11-K11 -> 0
D13: 218693
D15: =D8-D13 -> 346307
K1046773: =SUM(#REF!,#REF!,#REF!,#REF!,#REF!,#REF!,#REF!,#REF!,#REF!,#REF!,#REF!,#REF!,#REF!,#REF!,#REF!,#REF!,#REF!,#REF!,#REF!,#REF!,#REF!,#REF!,#REF!,#REF!,#REF!,#REF!,#REF!,#REF!,#REF!,#REF!,#REF!,#REF!,#REF!,#REF!,#REF!,#REF!,#REF!,#REF!,#REF!,#REF!,#REF!,#REF!,#REF!,#REF!,#REF!,#REF!,#REF!,#REF!,#REF!,#REF!,#REF!,#REF!,#REF!,#REF!,#REF!,#REF!,#REF!,#REF!,#REF!,#REF!,#REF!,#REF!,#REF!,#REF!,#REF!,#REF!,#REF!,#REF!,#REF!,#REF!,#REF!,#REF!,#REF!,#REF!,#REF!,#REF!,#REF!,#REF!,#REF!,#REF!,#REF!,#REF!,#REF!,#REF!,#REF!,#REF!,#REF!,#REF!,#REF!,#REF!,#REF!,#REF!,#REF!,#REF!,#REF!,#REF!,#REF!,#REF!,#REF!,#REF!,#REF!,#REF!) -> #REF!

Sheet CES
A2: FY2023 Paygo Funding
A4: Project Description | B4: KFS | C4: BPW/Item | D4: Auth Amt | E4: FY | F4: Appropriation | G4: Vendor Name | H4: INVOICE NO. | I4: Date | J4: Certificate | K4: Invoice | L4: Balance | M4: KFS | N4: Date
B5: Account | D5: DGS Trans | F5: Number | I5: Processed | J5: Number | K5: Amount | L5: Available | M5: Doc #
A7: Authorization
A8: UMCES Chesapeake Analytics Collab Building | C8: 10/25/22 Transferred from DBM | D8: 9389000 | E8: 23 | G8: Barton Malow Company | H8: 13 | I8: 45271 | J8: PG23-110 | K8: 15967.92 | M8: 12702135 | N8: 45278
A9: UMCES Chesapeake Analytics Collab Building | E9: 23 | G9: Design Collective, Inc. | H9: 0000765 | I9: 45303 | J9: PG23-119 | K9: 12114.5 | M9: 12815305 | N9: 45320
A10: UMCES Chesapeake Analytics Collab Building | E10: 23 | G10: Design Collective, Inc. | H10: 0000852 | I10: 45330 | J10: PG23-128 | K10: 1788.75 | M10: 12953849 | N10: 45348
A11: UMCES Chesapeake Analytics Collab Building | E11: 23 | G11: UMCP Reimbursement | H11: Ltr Dtd 03/05/24 | I11: 45359 | J11: PG23-140 | K11: 367.6 | M11: 13043230 | N11: 45377
A12: UMCES Chesapeake Analytics Collab Building | E12: 23 | G12: Design Collective, Inc. | H12: 0001021 | I12: 45434 | J12: PG23-159 | K12: 34554.75 | M12: 13331708 | N12: 45441
A13: UMCES Chesapeake Analytics Collab Building | E13: 23 | G13: Design Collective, Inc. | H13: 0001285 | I13: 45559 | J13: PG23-181 | K13: 14847.33 | M13: 13836916 | N13: 45561
A14: UMCES Chesapeake Analytics Collab Building | E14: 23 | G14: Costello Construction | H14: 052401 | I14: 45574 | J14: PG23-185 | K14: 415188.95 | M14: 13924866 | N14: 10/24/2024
A15: UMCES Chesapeake Analytics Collab Building | E15: 23 | G15: Costello Construction | H15: 052402 | I15: 45574 | J15: PG23-185 | K15: 238219.15 | M15: 13924866 | N15: 10/24/2024
A16: UMCES Chesapeake Analytics Collab Building | E16: 23 | G16: Design Collective, Inc. | H16: 0001482 | I16: 45574 | J16: PG23-185 | K16: 16319.33 | M16: 13924866 | N16: 10/24/2024
A17: UMCES Chesapeake Analytics Collab Building | E17: 23 | G17: Design Collective, Inc. | H17: 0001377 | I17: 45574 | J17: PG23-185 | K17: 14847.28 | M17: 13924866 | N17: 10/24/2024
A18: UMCES Chesapeake Analytics Collab Building | E18: 23 | G18: Costello Construction | H18: 0524-04 | I18: 45616 | J18: PG23-190(4) | K18: 823656.03 | M18: JRN-000746 | N18: 45623
A19: UMCES Chesapeake Analytics Collab Building | E19: 23 | G19: Costello Construction | H19: 0524-03 | I19: 45616 | J19: PG23-190(5) | K19: 1036736.8 | M19: JRN-000746 | N19: 45623
A20: UMCES Chesapeake Analytics Collab Building | E20: 23 | G20: UMCP Reimbursement | H20: Ltr Dtd 11/06/24 | I20: 45637 | J20: PG23-188(1) | K20: 5403.46 | M20: JRN-002566 | N20: 45642
A21: UMCES Chesapeake Analytics Collab Building | E21: 23 | G21: UMCP Reimbursement | H21: Ltr Dtd 01/14/25 | I21: 45679 | J21: PG23-193 | K21: 59132.25 | M21: JRN-004852 | N21: 45681
A22: UMCES Chesapeake Analytics Collab Building | E22: 23 | G22: Costello Construction | H22: 0524-07 | I22: 45712 | J22: PG23-201(3) | K22: 687421.36 | M22: JRN-008111 | N22: 45726
A23: UMCES Chesapeake Analytics Collab Building | E23: 23 | G23: Design Collective | H23: 0001986 | I23: 45728 | J23: PG23-205(11) | K23: 39640.52 | M23: JRN-009562 | N23: 45732
A24: UMCES Chesapeake Analytics Collab Building | E24: 23 | G24: Costello Construction Of Maryland | H24: 0524-05 | I24: 45728 | J24: PG23-205(13) | K24: 1231233.2 | M24: JRN-009562 | N24: 45732
A25: UMCES Chesapeake Analytics Collab Building | E25: 23 | G25: Costello Construction Of Maryland | H25: 0524-06 | I25: 45728 | J25: PG23-205(2) | K25: 1674087.2 | M25: JRN-009562 | N25: 45732
A26: UMCES Chesapeake Analytics Collab Building | E26: 23 | G26: Barton Malow Company | H26: 14 | I26: 45728 | J26: PG23-205(9) | K26: 99188.23 | M26: JRN-009562 | N26: 45732
A27: UMCES Chesapeake Analytics Collab Building | E27: 23 | G27: Design Collective, Inc. | H27: 0002061 | I27: 45763 | J27: PG23-212(1) | K27: 15493.33 | M27: JRN-012904 | N27: 45769
A28: UMCES Chesapeake Analytics Collab Building | E28: 23 | G28: Design Collective, Inc. | H28: 0001825 | I28: 45763 | J28: PG23-212(2) | K28: 10044.07 | M28: JRN-012904 | N28: 45769
A29: UMCES Chesapeake Analytics Collab Building | E29: 23 | G29: Costello Construction Of Maryland, Inc. | H29: 052408 | I29: 45763 | J29: PG23-212(3) | K29: 821543.3 | M29: JRN-012904 | N29: 45769
A30: UMCES Chesapeake Analytics Collab Building | E30: 23 | G30: Design Collective, Inc. | H30: 0002235 | I30: 45792 | J30: PG23-217(01) | K30: 16458.29 | M30: JRN-016366 | N30: 45805
A31: UMCES Chesapeake Analytics Collab Building | E31: 23 | G31: Costello Construction Of Maryland, Inc. | H31: 052409 | I31: 45792 | J31: PG23-217(02) | K31: 692273.47 | M31: JRN-016366 | N31: 45805
A32: UMCES Chesapeake Analytics Collab Building | E32: 23 | G32: Design Collective, Inc. | H32: 0002260 | I32: 45792 | J32: PG23-217(11) | K32: 22446.76 | M32: JRN-016366 | N32: 45805
A33: UMCES Chesapeake Analytics Collab Building | E33: 23 | G33: UMCP Reimbursement | H33: Ltr Dtd 05/15/25 | I33: 45796 | J33: PG23-217(12) | K33: 111253.56 | M33: JRN-016444 | N33: 45805
A34: UMCES Chesapeake Analytics Collab Building | E34: 23 | G34: Costello Construction Of Maryland, Inc. | H34: 0524-10 | I34: 16224 | J34: PG23-223(1) | K34: 783034.19 | M34: JRN-020996 | N34: 45833
A36: UMCES Chesapeake Analytics Collab Building Total | D36: =SUM(D7:D35) -> 9389000 | K36: =SUM(K7:K35) -> 8893261.6 | L36: =+D36-K36 -> 495738.38
A38: Authorization
A39: UMCES HPL Visitor Building Renovation | D39: 400000 | E39: 23
A40: UMCES HPL Environmental Education Facility | D40: 300000 | E40: 23
A41: UMCES CBL Bernie Fowler Lab Roof and HVAC Replacement | D41: 187932 | E41: 23
A43: UMCES Facilities Renewal Total | D43: =SUM(D38:D42) -> 887932 | K43: =SUM(K38:K42) -> 0 | L43: =+D43-K43 -> 887932
A45: Authorization
A46: UMCES Horn Point Laboratory Sewer Collection System Upgrade | C46: 10/26/22 Transferred from DBM | D46: 188000 | E46: 23 | G46: Maryland Environmental Service | H46: CI-032046 | I46: 45064 | J46: JV Doc# 11846850 | K46: 188000 | M46: 11846850 | N46: 45064
A48: UMCES Horn Point Laboratory Sewer Collection System Upgrade Total | D48: =SUM(D45:D47) -> 188000 | K48: =SUM(K45:K47) -> 188000 | L48: =+D48-K48 -> 0
K1046800: =SUM(#REF!,#REF!,#REF!,#REF!,#REF!,#REF!,#REF!,#REF!,#REF!,#REF!,#REF!,#REF!,#REF!,#REF!,#REF!,#REF!,#REF!,#REF!,#REF!,#REF!,#REF!,#REF!,#REF!,#REF!,#REF!,#REF!,#REF!,#REF!,#REF!,#REF!,#REF!,#REF!,#REF!,#REF!,#REF!,#REF!,#REF!,#REF!,#REF!,#REF!,#REF!,#REF!,#REF!,#REF!,#REF!,#REF!,#REF!,#REF!,#REF!,#REF!,#REF!,#REF!,#REF!,#REF!,#REF!,#REF!,#REF!,#REF!,#REF!,#REF!,#REF!,#REF!,#REF!,#REF!,#REF!,#REF!,#REF!,#REF!,#REF!,#REF!,#REF!,#REF!,#REF!,#REF!,#REF!,#REF!,#REF!,#REF!,#REF!,#REF!,#REF!,#REF!,#REF!,#REF!,#REF!,#REF!,#REF!,#REF!,#REF!,#REF!,#REF!,#REF!,#REF!,#REF!,#REF!,#REF!,#REF!,#REF!,#REF!,#REF!,#REF!,#REF!) -> #REF!

Sheet BSU
A2: FY2023 Paygo Funding
A4: Project Description | B4: KFS | C4: BPW/Item | D4: Auth Amt | E4: FY | F4: Appropriation | G4: Vendor Name | H4: INVOICE NO. | I4: Date | J4: Certificate | K4: Invoice | L4: Balance | M4: KFS | N4: Date
B5: Account | D5: DGS Trans | F5: Number | I5: Processed | J5: Number | K5: Amount | L5: Available | M5: Doc #
A7: Authorization | C7: 10/25/22 Transferred from DBM | D7: 73247000 | E7: 23
A8: BSU Replace MLK Comm Arts & Hum Building | E8: 23 | G8: The Whiting-Turner Contracting Co, Inc. | H8: 018510-0027(Split) | I8: 44810 | J8: PG23-001 | K8: 2387377 | M8: 10919361 | N8: 44820
A9: BSU Replace MLK Comm Arts & Hum Building | E9: 23 | G9: The Whiting-Turner Contracting Co, Inc. | H9: 018510-0028 | I9: 44825 | J9: PG23-003 | K9: 5404063 | M9: 10970071 | N9: 44833
A10: BSU Replace MLK Comm Arts & Hum Building | E10: 23 | G10: The Whiting-Turner Contracting Co, Inc. | H10: 018510-0029 | I10: 44839 | J10: PG23-004 | K10: 3907510 | M10: 11051831 | N10: 44853
A11: BSU Replace MLK Comm Arts & Hum Building | E11: 23 | G11: The Whiting-Turner Contracting Co, Inc. | H11: 018510-0030 | I11: 44883 | J11: PG23-007 | K11: 4858838 | M11: 11212830 | N11: 44895
A12: BSU Replace MLK Comm Arts & Hum Building | E12: 23 | G12: The Whiting-Turner Contracting Co, Inc. | H12: 018510-0031 | I12: 44902 | J12: PG23-010 | K12: 3778195 | M12: 11255588 | N12: 44904
A13: BSU Replace MLK Comm Arts & Hum Building | E13: 23 | G13: The Whiting-Turner Contracting Co, Inc. | H13: 018510-0032 | I13: 44937 | J13: PG23-013 | K13: 4840015 | M13: 11381774 | N13: 44953
A14: BSU Replace MLK Comm Arts & Hum Building | E14: 23 | G14: The Whiting-Turner Contracting Co, Inc. | H14: 018510-0033 | I14: 44965 | J14: PG23-019 | K14: 3781756 | M14: 11488251 | N14: 44974
A15: BSU Replace MLK Comm Arts & Hum Building | E15: 23 | G15: The Whiting-Turner Contracting Co, Inc. | H15: 018510-0035 | I15: 45028 | J15: PG23-034 | K15: 6793327 | M15: 11706388 | N15: 45033
A16: BSU Replace MLK Comm Arts & Hum Building | E16: 23 | G16: The Whiting-Turner Contracting Co, Inc. | H16: 018510-0034 | I16: 45047 | J16: PG23-039 | K16: 6625530 | M16: 11853679 | N16: 45065
A17: BSU Replace MLK Comm Arts & Hum Building | E17: 23 | G17: The Whiting-Turner Contracting Co, Inc. | H17: 018510-0036 | I17: 45063 | J17: PG23-044 | K17: 7011371 | M17: 11876322 | N17: 45071
A18: BSU Replace MLK Comm Arts & Hum Building | E18: 23 | G18: Turner & Townsend Heery LLC | H18: PJIN0036180 | I18: 45079 | J18: PG23-048 | K18: 2888.8 | M18: 11950237 | N18: 45089
A19: BSU Replace MLK Comm Arts & Hum Building | E19: 23 | G19: The Whiting-Turner Contracting Co, Inc. | H19: 018510-0037 | I19: 45084 | J19: PG23-052 | K19: 5796515 | M19: 11950237 | N19: 45089
... A28: BSU Replace MLK Comm Arts & Hum Building | E28: 23 | G28: Turner & Townsend Heery LLC | H28: P JIN0039085 | I28: 45295 | J28: PG23-116 | K28: 10977.44 | M28: 12815305 | N28: 45320
A29: BSU Replace MLK Comm Arts & Hum Building | E29: 23 | G29: Washington Workplace, Inc. | H29: CL231124A | I29: 45295 | J29: PG23-116 | K29: 90810.6 | M29: - | N29: -
A30: BSU Replace MLK Comm Arts & Hum Building | E30: 23 | G30: Pending Washington Workplace Inv#CL231124A | I30: 45308 | J30: Pending | K30: -90810.6 | M30: - | N30: -
A31: BSU Replace MLK Comm Arts & Hum Building | E31: 23 | G31: Turner & Townsend Heery LLC | H31: PJIN0039337 | I31: 45320 | J31: PG23-122 | K31: 9244.16 | M31: 12904178 | N31: 45348
A32: BSU Replace MLK Comm Arts & Hum Building | E32: 23 | G32: Turner & Townsend Heery LLC | H32: PJIN0039608 | I32: 45343 | J32: PG23-136 | K32: 12132.96 | M32: 12953849 | N32: 45348
A33: BSU Replace MLK Comm Arts & Hum Building | E33: 23 | G33: UMCP Reimbursement | H33: Ltr Dtd 03/05/24 | I33: 45359 | J33: PG23-140 | K33: 783484.38 | M33: 13043230 | N33: 45377
A34: BSU Replace MLK Comm Arts & Hum Building | E34: 23 | G34: Turner & Townsend Heery LLC | H34: PJIN0039850 | I34: 45373 | J34: PG23-147 | K34: 10977.44 | M34: 13073779 | N34: 45377
A35: BSU Replace MLK Comm Arts & Hum Building | E35: 23 | G35: Washington Workplace, Inc. | H35: CL231124A | I35: 45373 | J35: PG23-150 | K35: 90810.6 | M35: 13073779 | N35: 45377
A36: BSU Replace MLK Comm Arts & Hum Building | E36: 23 | G36: Victorekpuk | H36: 01 | I36: 45404 | J36: PG23-155 | K36: 8000 | M36: 13208376 | N36: 45412 | O36: 08/31/22 1-GM
A37: BSU Replace MLK Comm Arts & Hum Building | E37: 23 | G37: Turner & Townsend Heery LLC | H37: PJIN0040112 | I37: 45434 | J37: PG23-159 | K37: 10977.44 | M37: 13331708 | N37: 45441
A38: BSU Replace MLK Comm Arts & Hum Building | E38: 23 | G38: UMCP Reimbursement | H38: Ltr Dtd 05/30/24 | I38: 45454 | J38: PG23-161 | K38: 126944.3 | M38: 13425578 | N38: 45463
A39: BSU Replace MLK Comm Arts & Hum Building | E39: 23 | G39: Turner & Townsend Heery LLC | H39: PJIN0040307 | I39: 45456 | J39: PG23-166 | K39: 6933.12 | M39: 13425578 | N39: 45463
A40: BSU Replace MLK Comm Arts & Hum Building | E40: 23 | G40: Victorekpuk | H40: 02 | I40: 45496 | J40: PG23-172 | K40: 144250 | M40: 13562178 | N40: 45504
A41: BSU Replace MLK Comm Arts & Hum Building | E41: 23 | G41: Turner & Townsend Herry, LLC | H41: PJIN0040561 | I41: 45496 | J41: PG23-172 | K41: 18636.8 | M41: 13562178 | N41: 45504
A42: BSU Replace MLK Comm Arts & Hum Building | E42: 23 | G42: The Whiting-Turner Contracting Co, Inc. | H42: 018510-0051 | I42: 45559 | J42: PG23-181 | K42: 2321184 | M42: 13836916 | N42: 45561
A43: BSU Replace MLK Comm Arts & Hum Building | E43: 23 | G43: Maryland Correctional Enterprises | H43: H03600 | I43: 45686 | J43: PG23-196(3) | K43: 30970 | M43: JRN-005306 | N43: 45687
A44: BSU Replace MLK Comm Arts & Hum Building | E44: 23 | G44: Turner & Townsend Herry, LLC | H44: PJIN0041888 | I44: 45686 | J44: PG23-196(5) | K44: 15769.6 | M44: JRN-005306 | N44: 45687
A45: BSU Replace MLK Comm Arts & Hum Building | E45: 23 | G45: Maryland Correctional Enterprises | H45: H03625 | I45: 45686 | J45: PG23-196(10) | K45: 1432 | M45: JRN-005306 | N45: 45687
A47: BSU Replace MLK Comm Arts & Hum Building Total | D47: =SUM(D7:D46) -> 73247000 | K47: =SUM(K7:K46) -> 73246152 | L47: =+D47-K47 -> 848.08
A49: Authorization | E49: 23
A50: BSU Classroom/Laboratory/Lecture Hall Improvements (Various Building) | D50: 500000 | E50: 23 | G50: Jeffrey Brown Contracting, LLC | H50: 202102713 | I50: 45114 | J50: PG23-061 | K50: 201799.38 | M50: 12092750 | N50: 45135
A51: BSU Mechanical System Replacements (Various Buildings) | D51: 400000 | E51: 23 | G51: Jeffrey Brown Contracting, LLC | H51: 2021027.1 | I51: 45160 | J51: PG23-076 | K51: 199103.52 | M51: 12244899 | N51: 45180
A52: BSU Robinson Hall Mechanical Electrical System Upgrades | D52: 750000 | E52: 23 | G52: Jeffrey Brown Contracting, LLC | H52: 2021-027-15 | I52: 45160 | J52: PG23-076 | K52: 237366.3 | M52: 12244899 | N52: 45180
A53: BSU Campus-wide Sanitary Line Replacements | D53: 476310 | E53: 23 | G53: Jeffrey Brown Contracting, LLC | H53: 2021-027-16 | I53: 45202 | J53: PG23-091 | K53: 111730.8 | M53: 12423019 | N53: 45210
A54: Facilities Renewal | E54: 23 | G54: Pipeway Energy Construction | H54: 2 | I54: 45728 | J54: PG23-199(1) | K54: 296970 | M54: SIR-00002952 | N54: 45732
A55: Facilities Renewal | E55: 23 | G55: Pipeway Energy Construction | H55: 1 | I55: 45728 | J55: PG23-199(2) | K55: 95000 | M55: SIR-00002952 | N55: 45732
A56: Facilities Renewal | E56: 23 | G56: Pipeway Energy Construction | H56: 3(Split) | I56: 45763 | J56: PG23-211 | K56: 84340 | M56: SIR-00004203 | N56: 45769
A58: BSU Facilities Renewal Total | D58: =SUM(D49:D57) -> 2126310 | K58: =SUM(K49:K57) -> 1226310 | L58: =+D58-K58 -> 900000
K1046813: =SUM(#REF!,#REF!,#REF!,#REF!,#REF!,#REF!,#REF!,#REF!,#REF!,#REF!,#REF!,#REF!,#REF!,#REF!,#REF!,#REF!,#REF!,#REF!,#REF!,#REF!,#REF!,#REF!,#REF!,#REF!,#REF!,#REF!,#REF!,#REF!,#REF!,#REF!,#REF!,#REF!,#REF!,#REF!,#REF!,#REF!,#REF!,#REF!,#REF!,#REF!,#REF!,#REF!,#REF!,#REF!,#REF!,#REF!,#REF!,#REF!,#REF!,#REF!,#REF!,#REF!,#REF!,#REF!,#REF!,#REF!,#REF!,#REF!,#REF!,#REF!,#REF!,#REF!,#REF!,#REF!,#REF!,#REF!,#REF!,#REF!,#REF!,#REF!,#REF!,#REF!,#REF!,#REF!,#REF!,#REF!,#REF!,#REF!,#REF!,#REF!,#REF!,#REF!,#REF!,#REF!,#REF!,#REF!,#REF!,#REF!,#REF!,#REF!,#REF!,#REF!,#REF!,#REF!,#REF!,#REF!,#REF!,#REF!,#REF!,#REF!,#REF!,#REF!) -> #REF!

Sheet CSU
A2: FY2023 Paygo Funding
A4: Project Description | B4: KFS | C4: BPW/Item | D4: Auth Amt | E4: FY | F4: Appropriation | G4: Vendor Name | H4: INVOICE NO. | I4: Date | J4: Certificate | K4: Invoice | L4: Balance | M4: KFS | N4: Date
B5: Account | D5: DGS Trans | F5: Number | I5: Processed | J5: Number | K5: Amount | L5: Available | M5: Doc #
A7: Authorization | E7: 23
A8: CSU Percy Julian Renovation for Coll Business | C8: 10/25/22 Transferred from DBM | D8: 2500000 | E8: 23 | G8: Quinn Evans Architect | H8: COB2017_20th(Split) | I8: 45341 | J8: PG23-132 | K8: 2656.47 | M8: 13205440 | N8: 45406
A9: CSU Percy Julian Renovation for Coll Business | E9: 23 | G9: Quinn Evans Architect | H9: COB2017_21st | I9: 45366 | J9: PG23-144 | K9: 34285.3 | M9: 13205440 | N9: 45406
A10: CSU Percy Julian Renovation for Coll Business | E10: 23 | G10: Barton Malow Company | H10: 43 (Split) | I10: 45454 | J10: PG23-163 | K10: 65541.73 | M10: 13422264 | N10: 45456
A11: CSU Percy Julian Renovation for Coll Business | E11: 23 | G11: Quinn Evans Architect | H11: 22nd | I11: 45495 | J11: PG23-170 | K11: 699.7 | M11: 13570535 | N11: 45498
A12: CSU Percy Julian Renovation for Coll Business | E12: 23 | G12: Quinn Evans Architect | H12: 23rd | I12: 45525 | J12: PG23-173 | K12: 3878.1 | M12: 13736875 | N12: 45539
A13: CSU Percy Julian Renovation for Coll Business | E13: 23 | G13: Barton Malow Company | H13: 44 | I13: 45525 | J13: PG23-173 | K13: 116285.59 | M13: 13736875 | N13: 45539
A14: CSU Percy Julian Renovation for Coll Business | E14: 23 | G14: Quinn Evans Architect | H14: 24th | I14: 45706 | J14: PG23-195 | K14: 4907.2 | M14: SIR-00002298 | N14: 45713
A15: CSU Percy Julian Renovation for Coll Business | E15: 23 | G15: Quinn Evans Architect | H15: 25th | I15: 45730 | J15: PG23-207 | K15: 13177.95 | M15: SIR-00002999 | N15: 45732
A17: CSU Renovate Julian Sci for the College of Business Total | D17: =SUM(D7:D16) -> 2500000 | K17: =SUM(K7:K16) -> 241432.04 | L17: =+D17-K17 -> 2258568
A19: Authorization | E19: 23
A20: CSU Johnson Auditorium Roof and HVAC Repairs | D20: 1400329 | E20: 23 | G20: Simpson Unlimited, Inc. | H20: 23-0008-1-001/23-0008-1-002/23-0008-1-003 | I20: 45121 | J20: PG23-063 | K20: =293400+225162.9+235880.1 -> 754443 | M20: 12141298 | N20: 45141
A22: CSU Facilities Renewal Total | D22: =SUM(D19:D21) -> 1400329 | K22: =SUM(K19:K21) -> 754443 | L22: =+D22-K22 -> 645886
K1046789: =SUM(#REF!,#REF!,#REF!,#REF!,#REF!,#REF!,#REF!,#REF!,#REF!,#REF!,#REF!,#REF!,#REF!,#REF!,#REF!,#REF!,#REF!,#REF!,#REF!,#REF!,#REF!,#REF!,#REF!,#REF!,#REF!,#REF!,#REF!,#REF!,#REF!,#REF!,#REF!,#REF!,#REF!,#REF!,#REF!,#REF!,#REF!,#REF!,#REF!,#REF!,#REF!,#REF!,#REF!,#REF!,#REF!,#REF!,#REF!,#REF!,#REF!,#REF!,#REF!,#REF!,#REF!,#REF!,#REF!,#REF!,#REF!,#REF!,#REF!,#REF!,#REF!,#REF!,#REF!,#REF!,#REF!,#REF!,#REF!,#REF!,#REF!,#REF!,#REF!,#REF!,#REF!,#REF!,#REF!,#REF!,#REF!,#REF!,#REF!,#REF!,#REF!,#REF!,#REF!,#REF!,#REF!,#REF!,#REF!,#REF!,#REF!,#REF!,#REF!,#REF!,#REF!,#REF!,#REF!,#REF!,#REF!,#REF!,#REF!,#REF!,#REF!,#REF!) -> #REF!

Sheet FSU
A2: FY2023 Paygo Funding
A4: Project Description | B4: KFS | C4: BPW/Item | D4: Auth Amt | E4: FY | F4: Appropriation | G4: Vendor Name | H4: INVOICE NO. | I4: Date | J4: Certificate | K4: Invoice | L4: Balance | M4: KFS | N4: Date
B5: Account | D5: DGS Trans | F5: Number | I5: Processed | J5: Number | K5: Amount | L5: Available | M5: Doc #
A7: Authorization
A8: FSU Facilities Renewal | C8: 10/25/22 Transferred from DBM | D8: 10000000 | E8: 23 | G8: Garland/DBS, Inc. | H8: 42785239926/4275239533 | I8: 44895 | J8: PG23-008 | K8: =174584.35+93652.9 -> 268237.25 | M8: 11292858 | N8: 44915
A9: FSU Facilities Renewal | E9: 23 | G9: Garland/DBS, Inc. | H9: 42785241034 | I9: 44943 | J9: PG23-014 | K9: 237766 | M9: 11387509 | N9: 44950
A10: FSU Facilities Renewal | E10: 23 | G10: Carl Belt, Inc. | H10: 4247-1 | I10: 44944 | J10: PG23-016 | K10: 219395.95 | M10: 11387509 | N10: 44950
A11: FSU Facilities Renewal | E11: 23 | G11: The Efficiency Network | H11: 1 | I11: 44981 | J11: PG23-024 | K11: 40212 | M11: 11726643 | N11: 45036
A12: FSU Facilities Renewal | E12: 23 | G12: Garland/DBS, Inc. | H12: 42785241358 | I12: 45012 | J12: PG23-031 | K12: 26631.75 | M12: 11726643 | N12: 45036
A13: FSU Facilities Renewal | E13: 23 | G13: The Efficiency Network | H13: 2 | I13: 45026 | J13: PG23-032 | K13: 15525 | M13: 11726643 | N13: 45036
A14: FSU Facilities Renewal | E14: 23 | G14: Garland/DBS, Inc. | H14: 42785241885 | I14: 45037 | J14: PG23-036 | K14: 934831.35 | M14: 11757531 | N14: 45043
A15: FSU Facilities Renewal | E15: 23 | G15: The Efficiency Network | H15: 3 | I15: 45056 | J15: PG23-042 | K15: 152226 | M15: 11876713 | N15: 45071
A16: FSU Facilities Renewal | E16: 23 | G16: Carl Belt, Inc. | H16: 4247-2 | I16: 45071 | J16: PG23-047 | K16: 24716.05 | M16: 11907924 | N16: 45079
A17: FSU Facilities Renewal | E17: 23 | G17: The Efficiency Network | H17: 4 | I17: 45079 | J17: PG23-049 | K17: 198544.5 | M17: 11939913 | N17: 45086
A18: FSU Facilities Renewal | E18: 23 | G18: Trane U.S. Inc. | H18: 313625096 | I18: 45089 | J18: PG23-053 | K18: 171995 | M18: 11980666 | N18: 45097
A19: FSU Facilities Renewal | E19: 23 | G19: Garland/DBS, Inc. | H19: 42785242462 | I19: 45091 | J19: PG23-054 | K19: 806369.2 | M19: 11980913 | N19: 45097
A20: FSU Facilities Renewal | E20: 23 | G20: The Efficiency Network | H20: 5 | I20: 45105 | J20: PG23-059 | K20: 586485 | M20: 12106929 | N20: 45133
A21: FSU Facilities Renewal | E21: 23 | G21: Garland/DBS, Inc. | H21: 42785243207 | I21: 45161 | J21: PG23-080 | K21: 263007.55 | M21: 12248213 | N21: 45167
A22: FSU Facilities Renewal | E22: 23 | G22: The Efficiency Network | H22: 6 | I22: 45161 | J22: PG23-080 | K22: 509484.6 | M22: 12248213 | N22: 45167
A23: FSU Facilities Renewal | E23: 23 | G23: Trane U.S. Inc. | H23: 313798798 | I23: 45168 | J23: PG23-081 | K23: 136573 | M23: 12333287 | N23: 45188
A24: FSU Facilities Renewal | E24: 23 | G24: The Efficiency Network | H24: 2201024.1 | I24: 45197 | J24: PG23-090 | K24: 993508.25 | M24: 12418033 | N24: 45205
A25: FSU Facilities Renewal | E25: 23 | G25: Garland/DBS, Inc. | H25: 4278524389 | I25: 45197 | J25: PG23-090 | K25: 394488.3 | M25: 12418033 | N25: 45205
A26: FSU Facilities Renewal | E26: 23 | G26: Garland/DBS, Inc. | H26: 42785243802 | I26: 45246 | J26: PG23-094 | K26: 323641.73 | M26: 12554161 | N26: 45237
A27: FSU Facilities Renewal | E27: 23 | G27: The Efficiency Network | H27: 2201024.07 REV 2 | I27: 45246 | J27: PG23-094 | K27: 65683.82 | M27: 12554161 | N27: 45237
A28: FSU Facilities Renewal | E28: 23 | G28: The Efficiency Network | H28: 2201024.08/2201024.09 | I28: 45250 | J28: PG23-096 | K28: =154117.27+63915.15 -> 218032.42 | M28: 12554161 | N28: 45237
A29: FSU Facilities Renewal | E29: 23 | G29: Garland/DBS, Inc. | H29: 42785244323 | I29: 45251 | J29: PG23-102 | K29: 290250.2 | M29: 12674064 | N29: 45268
A30: FSU Facilities Renewal | E30: 23 | G30: Garland/DBS, Inc. | H30: 42785244683 | I30: 45295 | J30: PG23-115 | K30: 87480.67 | M30: 12817738 | N30: 45315
A31: FSU Facilities Renewal | E31: 23 | G31: The Efficiency Network | H31: 2201024.1 | I31: 45295 | J31: PG23-115 | K31: 91947.4 | M31: 12817738 | N31: 45315
A32: FSU Facilities Renewal | E32: 23 | G32: Trane U.S. Inc. | H32: 315062345 | I32: 45763 | J32: PG23-214 | K32: 1667962 | M32: SIR-00004199 | N32: 45769
A34: FSU Facilities Renewal Total | D34: =SUM(D7:D33) -> 10000000 | K34: =SUM(K7:K33) -> 8724995 | L34: =+D34-K34 -> 1275005
A36: Authorization
A37: FSU Cordts PE Renovation/Regional Recreation Center | D37: 5000000 | E37: 23
A38: FSU Cordts PE Renovation/Regional Recreation Center | C38: 06/08/22 Grant Award to FSU | D38: -5000000
A40: FSU Cordts PE Renov/Regional Rec Center Total | D40: =SUM(D36:D39) -> 0 | K40: =SUM(K36:K39) -> 0 | L40: =+D40-K40 -> 0
A42: Authorization
A43: FSU PE Center Entrance Upgrades | D43: 800670 | E43: 23 | G43: Garland/DBS, Inc. | H43: 42785246391 | I43: 45454 | J43: PG23-160 | K43: 198023.7 | M43: 13422115 13422191 | N43: 45456
A44: FSU Frampton Hall Renovation/Upgrades | D44: 477000 | E44: 23 | G44: Corridor Flooring Associates | H44: 8824041 | I44: 45454 | J44: PG23-162 | K44: 53727 | M44: 13422115 13422191 | N44: 45456
A45: FSU Facilities Renewal | E45: 23 | G45: Garland/DBS, Inc. | H45: 42785247775 | I45: 45531 | J45: PG23-175 | K45: 553611.4 | M45: 13736855 | N45: 45539
A46: FSU Facilities Renewal | E46: 23 | G46: Corridor Flooring Associates | H46: 8824115 | I46: 45558 | J46: PG23-178 | K46: 31097.7 | M46: 13855636 | N46: 45562
A47: FSU Facilities Renewal | E47: 23 | G47: Garland/DBS, Inc. | H47: 42785248137 | I47: 45574 | J47: PG23-182 | K47: 82835.02 | M47: 13981209 | N47: 10/23/2024
A48: FSU Facilities Renewal | E48: 23 | G48: Garland/DBS, Inc. | H48: 42785250145 | I48: 45728 | J48: PG23-202 | K48: 28585.88 | M48: SIR-00002972 | N48: 45729
A49: FSU Facilities Renewal | E49: 23 | G49: Garland/DBS, Inc. | H49: 42785250483 | I49: 45763 | J49: PG23-209 | K49: 45424 | M49: SIR-00004199 | N49: 45769
A51: FSU Facilities Renewal Total | D51: =SUM(D42:D50) -> 1277670 | K51: =SUM(K42:K50) -> 993304.7 | L51: =+D51-K51 -> 284365.3
K1046809: =SUM(#REF!,#REF!,#REF!,#REF!,#REF!,#REF!,#REF!,#REF!,#REF!,#REF!,#REF!,#REF!,#REF!,#REF!,#REF!,#REF!,#REF!,#REF!,#REF!,#REF!,#REF!,#REF!,#REF!,#REF!,#REF!,#REF!,#REF!,#REF!,#REF!,#REF!,#REF!,#REF!,#REF!,#REF!,#REF!,#REF!,#REF!,#REF!,#REF!,#REF!,#REF!,#REF!,#REF!,#REF!,#REF!,#REF!,#REF!,#REF!,#REF!,#REF!,#REF!,#REF!,#REF!,#REF!,#REF!,#REF!,#REF!,#REF!,#REF!,#REF!,#REF!,#REF!,#REF!,#REF!,#REF!,#REF!,#REF!,#REF!,#REF!,#REF!,#REF!,#REF!,#REF!,#REF!,#REF!,#REF!,#REF!,#REF!,#REF!,#REF!,#REF!,#REF!,#REF!,#REF!,#REF!,#REF!,#REF!,#REF!,#REF!,#REF!,#REF!,#REF!,#REF!,#REF!,#REF!,#REF!,#REF!,#REF!,#REF!,#REF!,#REF!,#REF!) -> #REF!

Sheet SU
A2: FY2023 Paygo Funding
A4: Project Description | B4: KFS | C4: BPW/Item | D4: Auth Amt | E4: FY | F4: Appropriation | G4: Vendor Name | H4: INVOICE NO. | I4: Date | J4: Certificate | K4: Invoice | L4: Balance | M4: KFS | N4: Date
B5: Account | D5: DGS Trans | F5: Number | I5: Processed | J5: Number | K5: Amount | L5: Available | M5: Doc #
A7: Authorization | D7: 1940000 | E7: 23
A8: SU Blackwell Hall Renovation | C8: 10/26/22 Transferred from DBM | E8: 23 | G8: The Whiting-Turner Contracting Company | H8: 1 | I8: 45079 | J8: PG23-048 | K8: 188118.3 | M8: 11950237 | N8: 45089
A9: SU Blackwell Hall Renovation | E9: 23 | G9: The Whiting-Turner Contracting Company | H9: 2 | I9: 45091 | J9: PG23-055 | K9: 182812.26 | M9: 11998394 | N9: 45100
A10: SU Blackwell Hall Renovation | E10: 23 | G10: The Whiting-Turner Contracting Company | H10: 3 | I10: 45126 | J10: PG23-066 | K10: 98200.17 | M10: 12109646 | N10: 45135
A11: SU Blackwell Hall Renovation | E11: 23 | G11: The Whiting-Turner Contracting Company | H11: 4 | I11: 45161 | J11: PG23-079 | K11: 99617.41 | M11: 12338463 | N11: 45196
A12: SU Blackwell Hall Renovation | E12: 23 | G12: The Whiting-Turner Contracting Company | H12: 5 | I12: 45202 | J12: PG23-091 | K12: 196171.16 | M12: 12423019 | N12: 45210
A13: SU Blackwell Hall Renovation | E13: 23 | G13: The Whiting-Turner Contracting Company | H13: 6 | I13: 45250 | J13: PG23-100 | K13: 182331.57 | M13: 12627815 | N13: 45271
A14: SU Blackwell Hall Renovation | E14: 23 | G14: The Whiting-Turner Contracting Company | H14: 7 | I14: 45273 | J14: PG23-113 | K14: 300927.34 | M14: 12702135 | N14: 45278
A15: SU Blackwell Hall Renovation | E15: 23 | G15: The Whiting-Turner Contracting Company | H15: 8 | I15: 45320 | J15: PG23-122 | K15: 206052.59 | M15: 12904178 | N15: 45348
A16: SU Blackwell Hall Renovation | E16: 23 | G16: The Whiting-Turner Contracting Company | H16: 020187-0009 | I16: 45341 | J16: PG23-133 | K16: 73109.33 | M16: 12953849 | N16: 45348
A17: SU Blackwell Hall Renovation | E17: 23 | G17: UMCP Reimbursement | H17: Ltr Dtd 03/05/24 | I17: 45359 | J17: PG23-140 | K17: 1998.54 | M17: 13043230 | N17: 45377
A18: SU Blackwell Hall Renovation | E18: 23 | G18: The Whiting-Turner Contracting Company | H18: 020187-0010 | I18: 45434 | J18: PG23-159 | K18: 351474.33 | M18: 13331708 | N18: 45441
A19: SU Blackwell Hall Renovation | E19: 23 | G19: UMCP Reimbursement | H19: Ltr Dtd 11/06/24 | I19: 45637 | J19: PG23-188(1) | K19: 1628.44 | M19: JRN-002566 | N19: 45642
A20: SU Blackwell Hall Renovation | E20: 23 | G20: AECOM Technical Services, Inc. | H20: 2000957103 | I20: 45639 | J20: PG23-188(5) | K20: 9644.4 | M20: JRN-002566 | N20: 45642
A21: SU Blackwell Hall Renovation | E21: 23 | G21: UMCP Reimbursement | H21: Ltr Dtd 01/14/25 | I21: 45679 | J21: PG23-193 | K21: 30968.31 | M21: JRN-004852 | N21: 45681
A23: SU Blackwell Hall Renovation Total | D23: =SUM(D7:D22) -> 1940000 | K23: =SUM(K7:K22) -> 1923054.2 | L23: =+D23-K23 -> 16945.85
A25: Authorization | E25: 23
A26: SU Holloway Hall Great Hall Repairs and Improvements | D26: 250000 | E26: 23 | G26: Tetca America East, LLC | H26: SI-61614 | I26: 45027 | J26: PG23-033 | K26: 126750 | M26: 11732824 | N26: 45037
A27: SU Holloway Hall Miscellaneous Roof Repairs | D27: 1200000 | E27: 23 | G27: Tetca America East, LLC | H27: 2 | I27: 45105 | J27: PG23-056 | K27: 27262.9 | M27: 12060379 | N27: 45120
A28: SU Gallery Building Main Street Façade Repairs | D28: 889352 | E28: 23 | G28: Tetca America East, LLC | H28: 3 | I28: 45127 | J28: PG23-067 | K28: 153987.1 | M28: 12146989 | N28: 45142
A29: SU Facilities Renewal | E29: 23 | G29: Keller Brothers, Inc. | H29: 1 | I29: 45260 | J29: PG23-105 | K29: 52250 | M29: 12728559 | N29: 45281
A30: SU Facilities Renewal | E30: 23 | G30: Keller Brothers, Inc. | H30: 2 | I30: 45273 | J30: PG23-112 | K30: 139175 | M30: 12844000 | N30: 45321
A31: SU Facilities Renewal | E31: 23 | G31: Henley Construction | H31: 1 | I31: 45320 | J31: PG23-124 | K31: 149340 | M31: 12903992 | N31: 45335
A32: SU Facilities Renewal | E32: 23 | G32: Henley Construction | H32: 2 | I32: 45330 | J32: PG23-127 | K32: 272365 | M32: 12941676 | N32: 45343
A33: SU Facilities Renewal | E33: 23 | G33: Keller Brothers, Inc. | H33: 4 | I33: 45334 | J33: PG23-130 | K33: 110794 | M33: 12941676 | N33: 45343
A34: SU Facilities Renewal | E34: 23 | G34: Henley Construction | H34: 3 | I34: 45359 | J34: PG23-141 | K34: 291410.42 | M34: 13038941 | N34: 45364
A35: SU Facilities Renewal | E35: 23 | G35: Keller Brothers, Inc. | H35: 5 (Split) | I35: 45390 | J35: PG23-151 | K35: 83131 | M35: 13216475 | N35: 45408
A36: SU Facilities Renewal | E36: 23 | G36: Henley Construction | H36: 4 | I36: 45390 | J36: PG23-151 | K36: 98801.38 | M36: 13216475 | N36: 45408
A37: SU Facilities Renewal | E37: 23 | G37: Keller Brothers, Inc. | H37: 3 | I37: 45404 | J37: PG23-156 | K37: 125780 | M37: 13216475 | N37: 45408 | O37: 08/23/23 1-GM
A38: SU Facilities Renewal | E38: 23 | G38: Harper & Sons, Inc. | H38: 2316-01 | I38: 45454 | J38: PG23-164 | K38: 24285.15 | M38: 13432822 | N38: 45460
A39: SU Facilities Renewal | E39: 23 | G39: Henley Construction | H39: 5 (Split) | I39: 45495 | J39: PG23-169 | K39: 8083.2 | M39: 13576976 | N39: 45502
A40: SU Facilities Renewal | E40: 23 | G40: Harper & Sons, Inc. | H40: 2316-02 | I40: 45558 | J40: PG23-177 | K40: 92265.56 | M40: 13863835 | N40: 45565
A41: SU Facilities Renewal | E41: 23 | G41: Harper & Sons, Inc. | H41: 2316-03 | I41: 45558 | J41: PG23-177 | K41: 15569.29 | M41: 13863835 | N41: 45565
A43: SU Facilities Renewal Total | D43: =SUM(D25:D42) -> 2339352 | K43: =SUM(K25:K42) -> 1771250 | L43: =+D43-K43 -> 568102
K1046804: =SUM(#REF!,#REF!,#REF!,#REF!,#REF!,#REF!,#REF!,#REF!,#REF!,#REF!,#REF!,#REF!,#REF!,#REF!,#REF!,#REF!,#REF!,#REF!,#REF!,#REF!,#REF!,#REF!,#REF!,#REF!,#REF!,#REF!,#REF!,#REF!,#REF!,#REF!,#REF!,#REF!,#REF!,#REF!,#REF!,#REF!,#REF!,#REF!,#REF!,#REF!,#REF!,#REF!,#REF!,#REF!,#REF!,#REF!,#REF!,#REF!,#REF!,#REF!,#REF!,#REF!,#REF!,#REF!,#REF!,#REF!,#REF!,#REF!,#REF!,#REF!,#REF!,#REF!,#REF!,#REF!,#REF!,#REF!,#REF!,#REF!,#REF!,#REF!,#REF!,#REF!,#REF!,#REF!,#REF!,#REF!,#REF!,#REF!,#REF!,#REF!,#REF!,#REF!,#REF!,#REF!,#REF!,#REF!,#REF!,#REF!,#REF!,#REF!,#REF!,#REF!,#REF!,#REF!,#REF!,#REF!,#REF!,#REF!,#REF!,#REF!,#REF!,#REF!) -> #REF!

Sheet TU
A2: FY2023 Paygo Funding
A4: Project Description | B4: KFS | C4: BPW/Item | D4: Auth Amt | E4: FY | F4: Appropriation | G4: Vendor Name | H4: INVOICE NO. | I4: Date | J4: Certificate | K4: Invoice | L4: Balance | M4: KFS | N4: Date
B5: Account | D5: DGS Trans | F5: Number | I5: Processed | J5: Number | K5: Amount | L5: Available | M5: Doc #
A7: Authorization
A8: TU Health Professions Building | C8: 10/25/22 Transferred from DBM | D8: 88695000 | E8: 23 | G8: Gilbane Building Company | H8: 19/202210-J683(Split) | I8: 44896 | J8: PG23-009 | K8: 3838625.5 | M8: 11277745 | N8: 44910
A9: TU Health Professions Building | E9: 23 | G9: Gilbane Building Company | H9: 20/202211-J645 | I9: 44915 | J9: PG23-011 | K9: 6690990 | M9: 11357017 | N9: 44943
A10: TU Health Professions Building | E10: 23 | G10: DISYS Solutions, Inc. | H10: IN32486 | I10: 44959 | J10: PG23-018 | K10: 45653.88 | M10: 11501126 | N10: 44978
A11: TU Health Professions Building | E11: 23 | G11: Gilbane Building Company | H11: 202212-J722 | I11: 44966 | J11: PG23-020 | K11: 6633566 | M11: 11501175 | N11: 44978
A12: TU Health Professions Building | E12: 23 | G12: Gilbane Building Company | H12: 202301-J724 | I12: 44976 | J12: PG23-022 | K12: 6265259 | M12: 11632576 | N12: 45014
A13: TU Health Professions Building | E13: 23 | G13: Gilbane Building Company | H13: 202302-J668 | I13: 45009 | J13: PG23-030 | K13: 6566765 | M13: 11764733 | N13: 45044
A14: TU Health Professions Building | E14: 23 | G14: DISYS Solutions, Inc. | H14: IN33480 | I14: 45009 | J14: PG23-030 | K14: 228568.1 | M14: 11764733 | N14: 45044
A15: TU Health Professions Building | E15: 23 | G15: Gilbane Building Company | H15: 202303-J712 | I15: 45030 | J15: PG23-035 | K15: 7611556 | M15: 11764733 | N15: 45044
A16: TU Health Professions Building | E16: 23 | G16: Gilbane Building Company | H16: 202304-J679 | I16: 45070 | J16: PG23-045 | K16: 8360490 | M16: 12061526 | N16: 45120
A17: TU Health Professions Building | E17: 23 | G17: DISYS Solutions, Inc. | H17: IN34202 | I17: 45079 | J17: PG23-050 | K17: 11046.32 | M17: 12061496 | N17: 45120
A18: TU Health Professions Building | E18: 23 | G18: Gilbane Building Company | H18: 26-202305-J686 | I18: 45105 | J18: PG23-058 | K18: 6789159 | M18: 12141238 | N18: 45141
A19: TU Health Professions Building | E19: 23 | G19: DISYS Solutions, Inc. | H19: IN34604 | I19: 45105 | J19: PG23-058 | K19: 12562.2 | M19: 12141238 | N19: 45141
A20: TU Health Professions Building | E20: 23 | G20: DISYS Solutions, Inc. | H20: IN35024 | I20: 45121 | J20: PG23-064 | K20: 53164 | M20: 12255980 | N20: 45168
... A25: TU Health Professions Building | E25: 23 | G25: Dixie Friend Gay | H25: 2023-09 | I25: 45250 | J25: PG23-099 | K25: 30000 | M25: 12720493 | N25: 45279
A26: TU Health Professions Building | E26: 23 | G26: Ball-Nogues Studio | H26: 1174 | I26: 45250 | J26: PG23-099 | K26: 56050 | M26: 12720493 | N26: 45279
A27: TU Health Professions Building | E27: 23 | G27: Gilbane Building Company | H27: 202309-J568 | I27: 45251 | J27: PG23-104 | K27: 5195050.1 | M27: 12720493 | N27: 45279
A28: TU Health Professions Building | E28: 23 | G28: Gilbane Building Company | H28: 202310-J616 | I28: 45271 | J28: PG23-108 | K28: 435403.53 | M28: 12720493 | N28: 45279
A29: TU Health Professions Building | E29: 23 | G29: Gilbane Building Company | H29: 202311-J377 | I29: 45303 | J29: PG23-120 | K29: 4055866 | M29: 13026288 | N29: 45362
A30: TU Health Professions Building | E30: 23 | G30: Gilbane Building Company | H30: 202312-J905 | I30: 45341 | J30: PG23-134 | K30: 2999938 | M30: 13026288 | N30: 45362
A31: TU Health Professions Building | E31: 23 | G31: Gilbane Building Company | H31: 202401-J516(Split) | I31: 45378 | J31: PG23-146 | K31: 3947157.4 | M31: 13205497 | N31: 45406
A32: TU Health Professions Building | E32: 23 | G32: Takeform | H32: 126572 | I32: 45378 | J32: PG23-149 | K32: 66815.7 | M32: 13272938 | N32: 45420
A33: TU Health Professions Building | E33: 23 | G33: Perkins&Will | H33: 0324028 | I33: 45457 | J33: PG23-167 | K33: 113300.79 | M33: 13433358 | N33: 45460
A34: TU Health Professions Building | E34: 23 | G34: Perkins&Will | H34: 0424031 | I34: 45457 | J34: PG23-167 | K34: 56011.27 | M34: 13433358 | N34: 45460
A35: TU Health Professions Building | E35: 23 | G35: Ball-Nogues Studio | H35: 1201 | I35: 45495 | J35: PG23-171 | K35: 28321.44 | M35: 13570640 | N35: 45498
A36: TU Health Professions Building | E36: 23 | G36: Perkins&Will | H36: 0524033 | I36: 45495 | J36: PG23-171 | K36: 103155.38 | M36: 13570640 | N36: 45498
A37: TU Health Professions Building | E37: 23 | G37: Ball-Nogues Studio | H37: 1215 | I37: 45616 | J37: PG23-187 | K37: 71678.56 | M37: SIR-00000247 | N37: 45635
A38: TU Health Professions Building | E38: 23 | G38: Takeform | H38: 134602 | I38: 45706 | J38: PG23-198(1) | K38: 248.73 | M38: SIR-00002295 | N38: 45709
A39: TU Health Professions Building | E39: 23 | G39: Reclass Perkind&Will Inv#0321028 from Paygo 23 to Paygo 22 | I39: 45712 | J39: PG23-167 Correction | K39: =-K33 -> -113300.79 | M39: JRN-007433 | N39: 45712
A40: TU Health Professions Building | E40: 23 | G40: Reclass Perkind&Will Inv#0424031 from Paygo 23 to Paygo 22 | I40: 45712 | J40: PG23-167 Correction | K40: =-K34 -> -56011.27 | M40: JRN-007433 | N40: 45712
A41: TU Health Professions Building | E41: 23 | G41: Reclass Perkind&Will Inv#'0524033 from Paygo 23 to Paygo 22 | I41: 45712 | J41: PG23-171 Correction | K41: =-K36 -> -103155.38 | M41: JRN-007433 | N41: 45712
A42: TU Health Professions Building | E42: 23 | G42: Ball-Nogues Studio | H42: 1235 | I42: 45728 | J42: PG23-206 | K42: 17750 | M42: SIR-00002989 | N42: 45732
A43: TU Health Professions Building | E43: 23 | G43: Reclass Ball-Nogues Studio Inv#1226 From Paygo 22 tp Paygo 23 | I43: 45763 | J43: PG23-210(1) | K43: 81200 | M43: JRN-012792 | N43: 45768
A44: TU Health Professions Building | E44: 23 | G44: Reclass Ball-Nogues Studio Inv#1222 From Paygo 22 tp Paygo 23 | I44: 45763 | J44: PG23-210(2) | K44: 100000 | M44: JRN-012792 | N44: 45768
A45: TU Health Professions Building | E45: 23 | G45: Dixie Friend Gay | H45: 2025-01 | I45: 45764 | J45: PG23-215 | K45: 53865 | M45: SIR-00004202 | N45: 45769
A46: TU Health Professions Building | E46: 23 | G46: Gilbane Building Company | H46: 202501-J659(Split) | I46: 45814 | J46: PG23-218 | K46: 372979.92 | M46: SIR-00005950 | N46: 45825
A48: TU Health Professions Building Total | D48: =SUM(D7:D47) -> 88695000 | K48: =SUM(K7:K47) -> 88694630 | L48: =+D48-K48 -> 369.86
A50: Authorization
A51: TU Visual & Com Tech (Smith Hall Renovation) | C51: 10/26/22 Transferred from DBM | D51: 6066000 | E51: 23 | G51: JMT(Johnson, Mirmiran & Thompson, Inc.) | H51: 2-205862/1-203718 | I51: 44980 | J51: PG23-023 | K51: =110211.69+563531.51 -> 673743.2 | M51: 11632576 | N51: 45014
A52: TU Visual & Com Tech (Smith Hall Renovation) | E52: 23 | G52: JMT(Johnson, Mirmiran & Thompson, Inc.) | H52: 3-209327 | I52: 45070 | J52: PG23-045 | K52: 34882.43 | M52: 12061526 | N52: 45120
A53: TU Visual & Com Tech (Smith Hall Renovation) | E53: 23 | G53: JMT(Johnson, Mirmiran & Thompson, Inc.) | H53: 4-217386 | I53: 45191 | J53: PG23-088 | K53: 906698.69 | M53: 12720493 | N53: 45279
A54: TU Visual & Com Tech (Smith Hall Renovation) | E54: 23 | G54: Consigli Construction Co., Inc. | H54: 1 | I54: 45250 | J54: PG23-099 | K54: 25037.5 | M54: 12720493 | N54: 45279
A55: TU Visual & Com Tech (Smith Hall Renovation) | E55: 23 | G55: JMT(Johnson, Mirmiran & Thompson, Inc.) | H55: 5-222084 | I55: 45258 | J55: PG23-104 | K55: 745140.08 | M55: 12720493 | N55: 45279
A56: TU Visual & Com Tech (Smith Hall Renovation) | E56: 23 | G56: JMT(Johnson, Mirmiran & Thompson, Inc.) | H56: 6-224053 | I56: 45295 | J56: PG23-114 | K56: 755249.14 | M56: 13026288 | N56: 45362
A57: TU Visual & Com Tech (Smith Hall Renovation) | E57: 23 | G57: JMT(Johnson, Mirmiran & Thompson, Inc.) | H57: 7-226616 | I57: 45334 | J57: PG23-129 | K57: 1308916.2 | M57: 13026288 | N57: 45362
A58: TU Visual & Com Tech (Smith Hall Renovation) | E58: 23 | G58: Consigli Construction Co., Inc. | H58: Invoice 2 & Invoice 3 | I58: 45378 | J58: PG23-149 | K58: =33250+26089.37 -> 59339.37 | M58: 13272938 | N58: 45420
A59: TU Visual & Com Tech (Smith Hall Renovation) | E59: 23 | G59: Bowman | H59: 414331/418521/422448 | I59: 45434 | J59: PG23-158 | K59: =8756.52+2189.13+3283.7 -> 14229.35 | M59: 13368004 | N59: 45443
A60: TU Visual & Com Tech (Smith Hall Renovation) | E60: 23 | G60: JMT(Johnson, Mirmiran & Thompson, Inc.) | H60: 8-231233 | I60: 45434 | J60: PG23-158 | K60: 275324.94 | M60: 13368004 | N60: 45443
A61: TU Visual & Com Tech (Smith Hall Renovation) | E61: 23 | G61: Consigli Construction Co., Inc. | H61: 4 | I61: 45434 | J61: PG23-158 | K61: 38998.12 | M61: 13368004 | N61: 45443
A62: TU Visual & Com Tech (Smith Hall Renovation) | E62: 23 | G62: Consigli Construction Co., Inc. | H62: 6 (Split) | I62: 45457 | J62: PG23-167 | K62: 61904.38 | M62: 13433358 | N62: 45460
A63: TU Visual & Com Tech (Smith Hall Renovation) | E63: 23 | G63: JMT(Johnson, Mirmiran & Thompson, Inc.) | H63: 9-235456 | I63: 45495 | J63: PG23-171 | K63: 396867.79 | M63: 13570640 | N63: 45498
A64: TU Visual & Com Tech (Smith Hall Renovation) | E64: 23 | G64: FST-HEA, LLC | H64: R7024Z-018-1 | I64: 45528 | J64: PG23-176 | K64: 3400 | M64: 13736896 | N64: 45539
A65: TU Visual & Com Tech (Smith Hall Renovation) | E65: 23 | G65: JMT(Johnson, Mirmiran & Thompson, Inc.) | H65: 10-238731 | I65: 45559 | J65: PG23-180 | K65: 763010.68 | M65: 13855726 | N65: 45562
A66: TU Visual & Com Tech (Smith Hall Renovation) | E66: 23 | G66: JMT(Johnson, Mirmiran & Thompson, Inc.) | H66: 11-243148 | I66: 45706 | J66: PG23-198(5) | K66: 3258.12 | M66: SIR-00002295 | N66: 45709
A68: TU Visual & ComTech (Smith Hall Renov) Total | D68: =SUM(D50:D67) -> 6066000 | K68: =SUM(K50:K67) -> 6066000 | L68: =+D68-K68 -> 0.0099999998
A70: Authorization | E70: 23
A71: TU Cook Library HVAC Replacement (Phase I) | D71: 5796085 | E71: 23 | G71: Mueller Associates, Inc. | H71: 1 | I71: 45359 | J71: PG23-142 | K71: 2139.03 | M71: 13205497 | N71: 45406
A72: TU Facilities Renewal | E72: 23 | G72: Mueller Associates, Inc. | H72: 2 | I72: 45390 | J72: PG23-153 | K72: 22384.86 | M72: 13272938 | N72: 45420
A73: TU Facilities Renewal | E73: 23 | G73: Mueller Associates, Inc. | H73: 3 | I73: 45434 | J73: PG23-158 | K73: 28429 | M73: 13368004 | N73: 45443
A74: TU Facilities Renewal | E74: 23 | G74: Mueller Associates, Inc. | H74: 4 | I74: 45457 | J74: PG23-167 | K74: 25077.28 | M74: 13433358 | N74: 45460
A75: TU Facilities Renewal | E75: 23 | G75: Mueller Associates, Inc. | H75: 5 | I75: 45528 | J75: PG23-176 | K75: 67935.75 | M75: 13736896 | N75: 45539
A76: TU Facilities Renewal | E76: 23 | G76: Mueller Associates, Inc. | H76: 6 | I76: 45528 | J76: PG23-176 | K76: 21091.85 | M76: 13736896 | N76: 45539
A77: TU Facilities Renewal | E77: 23 | G77: DPR Construction | H77: 1 | I77: 45559 | J77: PG23-180 | K77: 7020.5 | M77: 13855726 | N77: 45562
A78: TU Facilities Renewal | E78: 23 | G78: Mueller Associates, Inc. | H78: 7 | I78: 45616 | J78: PG23-187 | K78: 67275.55 | M78: SIR-00000247 | N78: 45635
A79: TU Facilities Renewal | E79: 23 | G79: Mueller Associates, Inc. | H79: 8 | I79: 45706 | J79: PG23-198(2) | K79: 21622.93 | M79: SIR-00002295 | N79: 45709
A80: TU Facilities Renewal | E80: 23 | G80: Mueller Associates, Inc. | H80: 9 | I80: 45706 | J80: PG23-198(3) | K80: 38991.23 | M80: SIR-00002295 | N80: 45709
A81: TU Facilities Renewal | E81: 23 | G81: Mueller Associates, Inc. | H81: 10 | I81: 45706 | J81: PG23-198(4) | K81: 25284.32 | M81: SIR-00002295 | N81: 45709
A82: TU Facilities Renewal | E82: 23 | G82: Mueller Associates, Inc. | H82: 11 | I82: 45708 | J82: PG23-200 | K82: 84367.4 | M82: SIR-00002295 | N82: 45709
A83: TU Facilities Renewal | E83: 23 | G83: Mueller Associates, Inc. | H83: 12 | I83: 45728 | J83: PG23-206 | K83: 43781.95 | M83: SIR-00002989 | N83: 45732
A84: TU Facilities Renewal | E84: 23 | G84: Mueller Associates, Inc. | H84: 13 | I84: 45764 | J84: PG23-215 | K84: 111895.28 | M84: SIR-00004202 | N84: 45769
A85: TU Facilities Renewal | E85: 23 | G85: Mueller Associates, Inc. | H85: 14 | I85: 45814 | J85: PG23-218 | K85: 43500.17 | M85: SIR-00005950 | N85: 45825
A86: TU Facilities Renewal | E86: 23 | G86: DPR Construction | H86: DPR001356D4 | I86: 45819 | J86: PG23-218(2) | K86: 7020.5 | M86: SIR-00005950 | N86: 45825
A88: TU Facilities Renewal Total | D88: =SUM(D70:D87) -> 5796085 | K88: =SUM(K70:K87) -> 617817.6 | L88: =+D88-K88 -> 5178267.4
K1046855: =SUM(#REF!,#REF!,#REF!,#REF!,#REF!,#REF!,#REF!,#REF!,#REF!,#REF!,#REF!,#REF!,#REF!,#REF!,#REF!,#REF!,#REF!,#REF!,#REF!,#REF!,#REF!,#REF!,#REF!,#REF!,#REF!,#REF!,#REF!,#REF!,#REF!,#REF!,#REF!,#REF!,#REF!,#REF!,#REF!,#REF!,#REF!,#REF!,#REF!,#REF!,#REF!,#REF!,#REF!,#REF!,#REF!,#REF!,#REF!,#REF!,#REF!,#REF!,#REF!,#REF!,#REF!,#REF!,#REF!,#REF!,#REF!,#REF!,#REF!,#REF!,#REF!,#REF!,#REF!,#REF!,#REF!,#REF!,#REF!,#REF!,#REF!,#REF!,#REF!,#REF!,#REF!,#REF!,#REF!,#REF!,#REF!,#REF!,#REF!,#REF!,#REF!,#REF!,#REF!,#REF!,#REF!,#REF!,#REF!,#REF!,#REF!,#REF!,#REF!,#REF!,#REF!,#REF!,#REF!,#REF!,#REF!,#REF!,#REF!,#REF!,#REF!,#REF!) -> #REF!

Sheet UB
A2: FY2023 Paygo Funding
A4: Project Description | B4: KFS | C4: BPW/Item | D4: Auth Amt | E4: FY | F4: Appropriation | G4: Vendor Name | H4: INVOICE NO. | I4: Date | J4: Certificate | K4: Invoice | L4: Balance | M4: KFS | N4: Date
B5: Account | D5: DGS Trans | F5: Number | I5: Processed | J5: Number | K5: Amount | L5: Available | M5: Doc #
A7: Authorization | E7: 23
A8: UB Campus Building Envelope Improvements, Phased | D8: 502480 | E8: 23
A9: UB Campus HVAC Renewal, Phased | D9: 1705000 | E9: 23
A10: UB Facilities Renewal | E10: 23 | G10: James G. Davis Construction Corporation | H10: 21232-001(Partial) | I10: 45763 | J10: PG23-208(1) | K10: 105202.11 | M10: SIR-00004195 | N10: 45769
A11: UB Facilities Renewal | E11: 23 | G11: James G. Davis Construction Corporation | H11: 21232-002(Partial) | I11: 45765 | J11: PG23-208(2) | K11: 247390.99 | M11: SIR-00004195 | N11: 45769
A12: UB Facilities Renewal | E12: 23 | G12: James G. Davis Construction Corporation | H12: 21232-003(Partial) | I12: 45799 | J12: PG23-219 | K12: 133820.93 | M12: SIR-00004195 | N12: 45800
A14: UB Facilities Renewal Total | D14: =SUM(D7:D13) -> 2207480 | K14: =SUM(K7:K13) -> 486414.03 | L14: =+D14-K14 -> 1721066
K1046776: =SUM(#REF!,#REF!,#REF!,#REF!,#REF!,#REF!,#REF!,#REF!,#REF!,#REF!,#REF!,#REF!,#REF!,#REF!,#REF!,#REF!,#REF!,#REF!,#REF!,#REF!,#REF!,#REF!,#REF!,#REF!,#REF!,#REF!,#REF!,#REF!,#REF!,#REF!,#REF!,#REF!,#REF!,#REF!,#REF!,#REF!,#REF!,#REF!,#REF!,#REF!,#REF!,#REF!,#REF!,#REF!,#REF!,#REF!,#REF!,#REF!,#REF!,#REF!,#REF!,#REF!,#REF!,#REF!,#REF!,#REF!,#REF!,#REF!,#REF!,#REF!,#REF!,#REF!,#REF!,#REF!,#REF!,#REF!,#REF!,#REF!,#REF!,#REF!,#REF!,#REF!,#REF!,#REF!,#REF!,#REF!,#REF!,#REF!,#REF!,#REF!,#REF!,#REF!,#REF!,#REF!,#REF!,#REF!,#REF!,#REF!,#REF!,#REF!,#REF!,#REF!,#REF!,#REF!,#REF!,#REF!,#REF!,#REF!,#REF!,#REF!,#REF!,#REF!) -> #REF!

Sheet USM
A2: FY2023 Paygo Funding
A4: Project Description | B4: KFS | C4: BPW/Item | D4: Auth Amt | E4: FY | F4: Appropriation | G4: Vendor Name | H4: INVOICE NO. | I4: Date | J4: Certificate | K4: Invoice | L4: Balance | M4: KFS | N4: Date
B5: Account | D5: DGS Trans | F5: Number | I5: Processed | J5: Number | K5: Amount | L5: Available | M5: Doc #
A7: Authorization | E7: 23
A8: USM Shady Grove Building Systems and Envelope Repairs | D8: 833255 | E8: 23 | G8: USG Reimbursement | H8: Ltr Dtd 12/21/23 | I8: 45345 | J8: PG23-137 | K8: 279755 | M8: 13029777 | N8: 45377
A9: USM Shady Grove Building Systems and Envelope Repairs | E9: 23 | G9: USG Reimbursement | H9: Ltr Dtd 12/21/23 | I9: 45345 | J9: PG23-137 | K9: 130460 | M9: 13029777 | N9: 45377
A10: USM Shady Grove Building Systems and Envelope Repairs | E10: 23 | G10: USG Reimbursement | H10: Ltr Dtd 11/07/24 | I10: 45616 | J10: PG23-189 | K10: =99612+138700+180388 -> 418700 | M10: JRN-000654 | N10: 45621
A12: USM Shady Grove Facilities Renewal Total | D12: =SUM(D7:D11) -> 833255 | K12: =SUM(K7:K11) -> 828915 | L12: =+D12-K12 -> 4340
A14: Authorization | E14: 23
A15: USM - USMO Facilities Renewal (USM Hagerstown Replace Flooring) | D15: 88012 | G15: Corridor Flooring Associates | H15: 8824001 (Split) | I15: 45351 | J15: PG23-138 | K15: 88012 | M15: 13037179 | N15: 45364
A17: USM - USMO Facilities Renewal Total | D17: =SUM(D14:D16) -> 88012 | K17: =SUM(K14:K16) -> 88012 | L17: =+D17-K17 -> 0
A19: Authorization | E19: 23
A20: USM South Maryland Building 1 and 2 HVAC Improvements | D20: 115463
A22: USM - USM South Maryland Facilities Renewal Total | D22: =SUM(D19:D21) -> 115463 | K22: =SUM(K19:K21) -> 0 | L22: =+D22-K22 -> 115463
A24: Authorization | E24: 23
A25: USM Systemwide Projects Set-Aside (Emergency Account) | D25: 2435000
A27: USM Systemwide (Emergency) Total | D27: =SUM(D24:D26) -> 2435000 | K27: =SUM(K24:K26) -> 0 | L27: =+D27-K27 -> 2435000
K1046774: =SUM(#REF!,#REF!,#REF!,#REF!,#REF!,#REF!,#REF!,#REF!,#REF!,#REF!,#REF!,#REF!,#REF!,#REF!,#REF!,#REF!,#REF!,#REF!,#REF!,#REF!,#REF!,#REF!,#REF!,#REF!,#REF!,#REF!,#REF!,#REF!,#REF!,#REF!,#REF!,#REF!,#REF!,#REF!,#REF!,#REF!,#REF!,#REF!,#REF!,#REF!,#REF!,#REF!,#REF!,#REF!,#REF!,#REF!,#REF!,#REF!,#REF!,#REF!,#REF!,#REF!,#REF!,#REF!,#REF!,#REF!,#REF!,#REF!,#REF!,#REF!,#REF!,#REF!,#REF!,#REF!,#REF!,#REF!,#REF!,#REF!,#REF!,#REF!,#REF!,#REF!,#REF!,#REF!,#REF!,#REF!,#REF!,#REF!,#REF!,#REF!,#REF!,#REF!,#REF!,#REF!,#REF!,#REF!,#REF!,#REF!,#REF!,#REF!,#REF!,#REF!,#REF!,#REF!,#REF!,#REF!,#REF!,#REF!,#REF!,#REF!,#REF!,#REF!) -> #REF!

Sheet Cert log
A1: FY23 Paygo Certificate
A2: Vendor Name | B2: INVOICE NO. | C2: Date | D2: Certificate | E2: Invoice | G2: Grand | H2: Certificate
C3: Processed | D3: Number | E3: Amount | G3: Total | H3: Number
A4: The Whiting-Turner Contracting Company | B4: 018100-0065 | C4: 45404 | D4: PG23-155 | E4: 24930.96 | F4: UMCP
A5: Bowman Consulting Group, Ltd. | B5: 418635 | C5: 45404 | D5: PG23-155 | E5: 25132.85 | F5: UMCP
A6: Aecom Technical Services Inc. | B6: 2000864686 | C6: 45404 | D6: PG23-155 | E6: 22216.32 | F6: UMCP
A7: Victorekpuk | B7: 01 | C7: 45404 | D7: PG23-155 | E7: 8000 | F7: BSU | G7: =SUM(E4:E7) -> 80280.13 | H7: PG23-155
A9: Keller Brothers, Inc. | B9: 3 | C9: 45404 | D9: PG23-156 | E9: 125780 | F9: SU | G9: =E9 -> 125780 | H9: =D9 -> PG23-156
A11: Jeffrey Brown Contracting, LLC | B11: 2022-015-17 | C11: 45366 | D11: PG23-143 | E11: 40236.3 | F11: UMBC | G11: 40236.3 | H11: PG23-143
A12: Jeffrey Brown Contracting, LLC | B12: 2022-015-18 | C12: 45412 | D12: PG23-157 | E12: 17957.53 | F12: UMBC | G12: 17957.53 | H12: PG23-157
A16: Bowman | B16: 414331/418521/422448 | C16: 45434 | D16: PG23-158 | E16: =8756.52+2189.13+3283.7 -> 14229.35 | F16: TU
A17: Mueller Associates, Inc. | B17: 3 | C17: 45434 | D17: PG23-158 | E17: 28429 | F17: TU
A18: JMT(Johnson, Mirmiran & Thompson, Inc.) | B18: 8-231233 | C18: 45434 | D18: PG23-158 | E18: 275324.94 | F18: TU
A19: Consigli Construction Co., Inc. | B19: 4 | C19: 45434 | D19: PG23-158 | E19: 38998.12 | F19: TU | G19: =SUM(E16:E19) -> 356981.41 | H19: PG23-158
A21: Turner & Townsend Heery LLC | B21: PJIN0040112 | C21: 45434 | D21: PG23-159 | E21: 10977.44 | F21: BSU
A22: The Whiting-Turner Contracting Company | B22: 020187-0010 | C22: 45434 | D22: PG23-159 | E22: 351474.33 | F22: SU
A23: Design Collective, Inc. | B23: 0001021 | C23: 45434 | D23: PG23-159 | E23: 34554.75 | F23: UMCES
A24: Aecom Technical Services Inc. | B24: 2000876913 | C24: 45434 | D24: PG23-159 | E24: 20893.92 | F24: UMCP
A25: Bowman Consulting Group, Ltd. | B25: 422509 | C25: 45434 | D25: PG23-159 | E25: 15189.8 | F25: UMCP
A26: Bowman Consulting Group, Ltd. | B26: 410490 | C26: 45434 | D26: PG23-159 | E26: 23613.29 | F26: UMCP
A27: Whitman, Requardt & Associates, LLP | B27: 090266.007-8 | C27: 45434 | D27: PG23-159 | E27: 48936.05 | F27: UMCP | G27: =SUM(E21:E27) -> 505639.58 | H27: PG23-159
A29: Garland/DBS, Inc. | B29: 42785246391 | C29: 45454 | D29: PG23-160 | E29: 198023.7 | F29: FSU | G29: 198023.7 | H29: PG23-160
A31: UMCP Reimbursement | B31: Ltr Dtd 05/30/24 | C31: 45454 | D31: PG23-161 | E31: 126944.3 | F31: BSU
A32: UMCP Reimbursement | B32: Ltr Dtd 05/30/24 | C32: 45454 | D32: PG23-161 | E32: 666.18 | F32: UMES
A33: UMCP Reimbursement | B33: Ltr Dtd 05/30/24 | C33: 45454 | D33: PG23-161 | E33: 141970.36 | F33: UMCP
A34: UMCP Reimbursement | B34: Ltr Dtd 05/30/24 | C34: 45454 | D34: PG23-161 | E34: 40340.9 | F34: UMCP
A35: UMCP Reimbursement | B35: Ltr Dtd 05/30/24 | C35: 45454 | D35: PG23-161 | E35: 814.22 | F35: UMCP
A36: UMCP Reimbursement | B36: Ltr Dtd 05/30/24 | C36: 45454 | D36: PG23-161 | E36: 592.16 | F36: UMCP
A37: UMCP Reimbursement | B37: Ltr Dtd 05/30/24 | C37: 45454 | D37: PG23-161 | E37: 7550.04 | F37: UMCP | G37: =SUM(E31:E37) -> 318878.16 | H37: PG23-161
A39: Corridor Flooring Associates | B39: 8824041 | C39: 45454 | D39: PG23-162 | E39: 53727 | F39: FSU | G39: 53727 | H39: PG23-162
A40: Barton Malow Company | B40: 43 (Split) | C40: 45454 | D40: PG23-163 | E40: 65541.73 | F40: CSU | G40: 65541.73 | H40: PG23-163
A41: Harper & Sons, Inc. | B41: 2316-01 | C41: 45454 | D41: PG23-164 | E41: 24285.15 | F41: SU | G41: 24285.15 | H41: PG23-164
A42: Marshall Craft Associates, Inc. | B42: 12074 | C42: 45454 | D42: PG23-165 | E42: 5663.07 | F42: UMB
A43: Marshall Craft Associates, Inc. | B43: 12135 | C43: 45454 | D43: PG23-166 | E43: 101935.3 | F43: UMB | G43: =SUM(E42:E43) -> 107598.37 | H43: PG23-165
A45: Turner & Townsend Heery LLC | B45: PJIN0040307 | C45: 45456 | D45: PG23-166 | E45: 6933.12 | F45: BSU
A46: Aecom Technical Services Inc. | B46: 2000889102 | C46: 45456 | D46: PG23-166 | E46: 22271.04 | F46: UMCP
A47: The Whiting-Turner Contracting Company | B47: 018100-0069 | C47: 45456 | D47: PG23-166 | E47: 812887.74 | F47: UMCP
A48: J. Vinton Schafer & Sons, Inc. | B48: 16 | C48: 45456 | D48: PG23-166 | E48: 568379.38 | F48: UMCP | G48: =SUM(E45:E48) -> 1410471.3 | H48: PG23-166
A50: Mueller Associates, Inc. | B50: 4 | C50: 45457 | D50: PG23-167 | E50: 25077.28 | F50: TU
A51: Consigli Construction Co., Inc. | B51: 6 (Split) | C51: 45457 | D51: PG23-167 | E51: 61904.38 | F51: TU
A52: Perkins&Will | B52: 0324028 | C52: 45457 | D52: PG23-167 | E52: 113300.79 | F52: TU
A53: Perkins&Will | B53: 0424031 | C53: 45457 | D53: PG23-167 | E53: 56011.27 | F53: TU | G53: =SUM(E50:E53) -> 256293.72 | H53: PG23-167
A55: The Christman Company | B55: 1 | C55: 45485 | D55: PG23-168 | E55: 768875.85 | F55: UMB
A56: The Christman Company | B56: 2 | C56: 45485 | D56: PG23-168 | E56: 441262.65 | F56: UMB
A57: The Christman Company | B57: 3 | C57: 45485 | D57: PG23-168 | E57: 287347.16 | F57: UMB | G57: =SUM(E55:E57) -> 1497485.7 | H57: PG23-168
A59: Henley Construction | B59: 5 (Split) | C59: 45495 | D59: PG23-169 | E59: 8083.2 | F59: SU | G59: 8083.2 | H59: PG23-169
A61: Quinn Evans Architect | B61: 22nd | C61: 45495 | D61: PG23-170 | E61: 699.7 | F61: CSU | G61: 699.7 | H61: PG23-170
A63: Ball-Nogues Studio | B63: 1201 | C63: 45495 | D63: PG23-171 | E63: 28321.44 | F63: TU
A64: Perkins&Will | B64: 0524033 | C64: 45495 | D64: PG23-171 | E64: 103155.38 | F64: TU
A65: JMT(Johnson, Mirmiran & Thompson, Inc.) | B65: 9-235456 | C65: 45495 | D65: PG23-171 | E65: 396867.79 | F65: TU | G65: =SUM(E63:E65) -> 528344.61 | H65: PG23-171
A67: The Whiting-Turner Contracting Company | B67: 018100-0070 | C67: 45495 | D67: PG23-172(1) | E67: 344621.7
A68: J. Vinton Schafer & Sons, Inc. | B68: 17 (Split) | C68: 45495 | D68: PG23-172(2) | E68: 380052.89
A69: J. Vinton Schafer & Sons, Inc. | B69: 18 | C69: 45495 | D69: PG23-172(3) | E69: 336175.88
A70: J. Vinton Schafer & Sons, Inc. | B70: 19 | C70: 45495 | D70: PG23-172(4) | E70: 291009.89
A71: J. Vinton Schafer & Sons, Inc. | B71: 16 Underground Utilities Project | C71: 45495 | D71: PG23-172(5) | E71: 149177.98
A72: Aecom Technical Services Inc. | B72: 2000889102 | C72: 45496 | D72: PG23-172(6) | E72: 22271.04
A73: Victorekpuk | B73: 02 | C73: 45496 | D73: PG23-172(7) | E73: 144250
A74: J. Vinton Schafer & Sons, Inc. | B74: 18 Underground Utilities Project | C74: 45496 | D74: PG23-172(8) | E74: 194750
A75: J. Vinton Schafer & Sons, Inc. | B75: 15 | C75: 45496 | D75: PG23-172(9) | E75: 793172.92
A76: Turner & Townsend Herry, LLC | B76: PJIN0040561 | C76: 45496 | D76: PG23-172(10) | E76: 18636.8 | G76: =SUM(E67:E76) -> 2674119.1 | H76: PG23-172
A77: J. Vinton Schafer & Sons, Inc. | B77: 16 Underground Utilities Project | C77: 45573 | D77: PG23-172 | E77: -149177.98
A79: Quinn Evans Architect | B79: 23rd | C79: 45525 | D79: PG23-173 | E79: 3878.1
A80: Barton Malow Company | B80: 44 | C80: 45525 | D80: PG23-173 | E80: 116285.59 | G80: =SUM(E79:E80) -> 120163.69 | H80: PG23-173
A82: Aecom Technical Services Inc. | B82: 2000901215 | C82: 45525 | D82: PG23-174 | E82: 18217.2
A83: Bowman Consulting Group, Ltd. | B83: 441252 | C83: 45525 | D83: PG23-174 | E83: 1478.61
A84: Whitman, Requardt & Associates, LLP | B84: 090266.007-10 | C84: 45525 | D84: PG23-174 | E84: 39332.48
A85: MOI, Inc. | B85: 120067 | C85: 45525 | D85: PG23-174 | E85: 264049.86 | G85: =SUM(E82:E85) -> 323078.15 | H85: PG23-174
A87: Garland/DBS, Inc. | B87: 42785247775 | C87: 45531 | D87: PG23-175 | E87: 553611.4 | G87: 553611.4 | H87: PG23-175
A89: FST-HEA, LLC | B89: R7024Z-018-1 | C89: 45528 | D89: PG23-176 | E89: 3400
A90: Mueller Associates, Inc. | B90: 5 | C90: 45528 | D90: PG23-176 | E90: 67935.75
A91: Mueller Associates, Inc. | B91: 6 | C91: 45528 | D91: PG23-176 | E91: 21091.85 | G91: =SUM(E89:E91) -> 92427.6 | H91: PG23-176
A93: Harper & Sons, Inc. | B93: 2316-02 | C93: 45558 | D93: PG23-177 | E93: 92265.56
A94: Harper & Sons, Inc. | B94: 2316-03 | C94: 45558 | D94: PG23-177 | E94: 15569.29 | G94: =SUM(E93:E94) -> 107834.85 | H94: PG23-177
A96: Corridor Flooring Associates | B96: 8824115 | C96: 45558 | D96: PG23-178 | E96: 31097.7 | G96: 31097.7 | H96: PG23-178
A98: The Christman Company | B98: 4 | C98: 45558 | D98: PG23-179 | E98: 260443.47
A99: The Christman Company | B99: 5 | C99: 45558 | D99: PG23-179 | E99: 361714.63 | G99: =SUM(E98:E99) -> 622158.1 | H99: PG23-179
A101: DPR Construction | B101: 1 | C101: 45559 | D101: PG23-180 | E101: 7020.5
A102: JMT(Johnson, Mirmiran & Thompson, Inc.) | B102: 10-238731 | C102: 45559 | D102: PG23-180 | E102: 763010.68 | G102: =SUM(E101:E102) -> 770031.18 | H102: PG23-180
A104: Aecom Technical Services Inc. | B104: 2000920616 | C104: 45559 | D104: PG23-181 | E104: 22503.6
A105: MOI, Inc. | B105: 126324-A | C105: 45559 | D105: PG23-181 | E105: 55580.74
A106: The Whiting-Turner Contracting Co, Inc. | B106: 018510-0051 | C106: 45559 | D106: PG23-181 | E106: 2321184
A107: Design Collective, Inc. | B107: 0001285 | C107: 45559 | D107: PG23-181 | E107: 14847.33 | G107: =SUM(E104:E107) -> 2414115.7 | H107: PG23-181
A109: Garland/DBS, Inc. | B109: 42785248137 | C109: 45574 | D109: PG23-182 | E109: 82835.02 | G109: 82835.02 | H109: PG23-182
A110: The Christman Company | B110: 6 | C110: 45574 | D110: PG23-183 | E110: 321719.68
A111: Marshall Craft Associates, Inc. | B111: 12409 | C111: 45574 | D111: PG23-183 | E111: 5663.07 | G111: =SUM(E110:E111) -> 327382.75 | H111: PG23-183
A112: Brawner Builders | B112: 1 | C112: 45574 | D112: PG23-184 | E112: 517806.9 | G112: =E112 -> 517806.9 | H112: PG23-184
A113: TA Instruments - Waters L.L.C. | B113: 262354183 | C113: 45574 | D113: PG23-185 | E113: 231334.12
A114: Aecom Technical Services Inc. | B114: 2000910093 | C114: 45574 | D114: PG23-185 | E114: 18217.2
A115: The Whiting-Turner Contracting Company | B115: 018100-0071 | C115: 45574 | D115: PG23-185 | E115: 732875.04
A116: J. Vinton Schafer & Sons, Inc. | B116: 21 | C116: 45573 | D116: PG23-185 | E116: 206954.14
A117: Costello Construction | B117: 052401 | C117: 45574 | D117: PG23-185 | E117: 415188.95
A118: Costello Construction | B118: 052402 | C118: 45574 | D118: PG23-185 | E118: 238219.15
A119: Design Collective, Inc. | B119: 0001482 | C119: 45574 | D119: PG23-185 | E119: 16319.33
A120: Design Collective, Inc. | B120: 0001377 | C120: 45574 | D120: PG23-185 | E120: 14847.28 | G120: =SUM(E113:E120) -> 1873955.2 | H120: PG23-185
A121: Aecom Technical Services Inc. | B121: 2000931172 | C121: 45586 | D121: PG23-186 | E121: 23575.2 | G121: =E121 -> 23575.2 | H121: PG23-186
A122: Mueller Associates, Inc. | B122: 7 | C122: 45616 | D122: PG23-187 | E122: 67275.55
A123: Ball-Nogues Studio | B123: 1215 | C123: 45616 | D123: PG23-187 | E123: 71678.56 | G123: =SUM(E122:E123) -> 138954.11 | H123: PG23-187
A124: USG Reimbursement | B124: Ltr Dtd 11/07/24 | C124: 45616 | D124: PG23-189 | E124: =99612+138700+180388 -> 418700 | G124: =E124 -> 418700 | H124: PG23-189
A125: VWR International LLC | B125: 8816956009 | C125: 45616 | D125: PG23-190(1) | E125: 17982.5
A126: Aecom Technical Services Inc. | B126: 2000942687 | C126: 45616 | D126: PG23-190(2) | E126: 20360.4
...

Sheet Cert log check
A1: FY23 Paygo Certificate | C1: Processed | D1: Number | E1: Amount | I1: Total | J1: Number | K1: 1
A2: Electrico Inc | B2: 2345001 | C2: 45763 | D2: PG23-212(9) | E2: 1668 | G2: duplicate | H2: UMCP | I2: FR | K2: 2
A3: Electrico Inc | B3: 2345001 | C3: 45819 | D3: PG23-223(6) | E3: 1668 | G3: duplicate | H3: UMCP | I3: FR | K3: 3
A4: Electrico Inc | B4: 2346001 | C4: 45763 | D4: PG23-212(6) | E4: 3213 | G4: duplicate | H4: UMCP | I4: FR | K4: 4
A5: Electrico Inc | B5: 2346001 | C5: 45819 | D5: PG23-223(4) | E5: 3213 | G5: duplicate | H5: UMCP | I5: FR | K5: 5
A6: Electrico Inc | B6: 2344001 | C6: 45763 | D6: PG23-212(8) | E6: 11304 | G6: duplicate | H6: UMCP | I6: FR | K6: 6
A7: Electrico Inc | B7: 2344001 | C7: 45819 | D7: PG23-223(5) | E7: 11304 | G7: duplicate | H7: UMCP | I7: FR | K7: 7
A8: The Whiting-Turner Contracting Co Inc | B8: 0195050031 | C8: 45763 | D8: PG23-212(5) | E8: 46291.3 | G8: duplicate | H8: UMCP | I8: FR | K8: 8
A9: The Whiting-Turner Contracting Co Inc | B9: 0195050031 | C9: 45819 | D9: PG23-223(3) | E9: 46291.3 | G9: duplicate | H9: UMCP | I9: FR | K9: 9
A10: Marshall Craft Associates, Inc. | B10: 12074 | C10: 45454 | D10: PG23-165 | E10: 5663.07 | G10: not duplicate | H10: UMB | K10: 10
A11: Marshall Craft Associates, Inc. | B11: 12409 | C11: 45574 | D11: PG23-183 | E11: 5663.07 | G11: not duplicate | I11: =SUM(E10:E11) -> 11326.14 | J11: PG23-183 | K11: 11
A12: DPR Construction | B12: 1 | C12: 45559 | D12: PG23-180 | E12: 7020.5 | G12: not duplicate | K12: 12
A13: DPR Construction | B13: DPR001356D4 | C13: 45819 | D13: PG23-218(2) | E13: 7020.5 | G13: not duplicate | H13: TU | I13: FR Cook | K13: 13
A14: Aecom Technical Services Inc. | B14: 2000901215 | C14: 45525 | D14: PG23-174 | E14: 18217.2 | G14: not duplicate | K14: 14
A15: Aecom Technical Services Inc. | B15: 2000910093 | C15: 45574 | D15: PG23-185 | E15: 18217.2 | G15: not duplicate | K15: 15
A16: VWR International LLC | B16: 8816956009 | C16: 45616 | D16: PG23-190(1) | E16: 17982.5 | G16: not duplicate (Split payment for same invoice) | K16: 16
A17: VWR International, Llc | B17: 8816956009A | C17: 45796 | D17: PG23-217(06) | E17: 17982.5 | G17: not duplicate (Split payment for same invoice) | H17: UMCP | I17: Chem | K17: 17
A18: J. Vinton Schafer & Sons, Inc. | B18: 16 Underground Utilities Project | C18: 45573 | D18: PG23-172 | E18: -149177.98 | K18: 18
A19: Reclass Perkind&Will Inv#0321028 from Paygo 23 to Paygo 22 | C19: 45712 | D19: Correction | E19: -113300.79 | K19: 19
A20: Reclass Perkind&Will Inv#'0524033 from Paygo 23 to Paygo 22 | C20: 45712 | D20: Correction | E20: -103155.38 | K20: 20
A21: Reclass Perkind&Will Inv#0424031 from Paygo 23 to Paygo 22 | C21: 45712 | D21: Correction | E21: -56011.27 | K21: 21
A22: UMCP Reimbursement | B22: Ltr Dtd 01/14/25 | C22: 45679 | D22: PG23-193 | E22: 160.25 | K22: 22
A23: Takeform | B23: 134602 | C23: 45706 | D23: PG23-198(1) | E23: 248.73 | K23: 23
A24: UMCP Reimbursement | B24: Ltr Dtd 05/15/25 | C24: 45796 | D24: PG23-217(16) | E24: 320.5 | H24: UMCP | I24: FR | K24: 24
A25: UMCP Reimbursement | B25: Ltr Dtd 05/30/24 | C25: 45454 | D25: PG23-161 | E25: 592.16 | H25: UMCP | K25: 25
A26: UMCP Reimbursement | B26: Ltr Dtd 05/30/24 | C26: 45454 | D26: PG23-161 | E26: 666.18 | H26: UMES | K26: 26
A27: Quinn Evans Architect | B27: 22nd | C27: 45495 | D27: PG23-170 | E27: 699.7 | H27: CSU | I27: 699.7 | J27: PG23-170 | K27: 27
A28: UMCP Reimbursement | B28: Ltr Dtd 05/30/24 | C28: 45454 | D28: PG23-161 | E28: 814.22 | H28: UMCP | K28: 28
A29: Marshall Craft Associates, Inc. | B29: 12781 | C29: 45706 | D29: PG23-197(4) | E29: 919.77 | K29: 29
A30: UMCP Reimbursement | B30: Ltr Dtd 11/06/24 | C30: 45616 | D30: PG23-188(1) | E30: 962.26 | K30: 30
A31: Bowman Consulting Group | B31: 463549 | C31: 45728 | D31: PG23-205(14) | E31: 1166.64 | H31: UMCP | I31: Chem | K31: 31
A32: UMCP Reimbursement | B32: Ltr Dtd 05/15/25 | C32: 45796 | D32: PG23-217(15) | E32: 1282 | H32: UMCP | I32: FR | K32: 32
A33: Maryland Correctional Enterprises | B33: H03625 | C33: 45686 | D33: PG23-196(10) | E33: 1432 | K33: 33
A34: Bowman Consulting Group, Ltd. | B34: 441252 | C34: 45525 | D34: PG23-174 | E34: 1478.61 | K34: 34
A35: UMCP Reimbursement | B35: Ltr Dtd 11/06/24 | C35: 45616 | D35: PG23-188(1) | E35: 1628.44 | K35: 35
A36: Bowman Consulting Group | B36: 468432 | C36: 45728 | D36: PG23-205(15) | E36: 1648.46 | H36: UMCP | I36: Chem | J36: =SUM(E33:E36) -> 6187.51 | K36: 36
A37: Graybar Electric Company, Inc. | B37: 9339866876 | C37: 45686 | D37: PG23-196(4) | E37: 2040 | K37: 37
A38: Marshall Craft Associates, Inc. | B38: 12632 | C38: 45679 | D38: PG23-193 | E38: 2759.31 | I38: =E38 -> 2759.31 | J38: PG23-194_UMB | K38: 38
A39: Bowman Consulting Group | B39: 15048.03-9 | C39: 45728 | D39: PG23-205(4) | E39: 2975 | H39: UMCP | I39: Chem | K39: 39
A40: JMT(Johnson, Mirmiran & Thompson, Inc.) | B40: 11-243148 | C40: 45706 | D40: PG23-198(5) | E40: 3258.12 | K40: 40
A41: FST-HEA, LLC | B41: R7024Z-018-1 | C41: 45528 | D41: PG23-176 | E41: 3400 | K41: 41
A42: Marshall Craft Associates, Inc. | B42: 12692 | C42: 45706 | D42: PG23-197(1) | E42: 3679.08 | K42: 42
A43: Quinn Evans Architect | B43: 23rd | C43: 45525 | D43: PG23-173 | E43: 3878.1 | K43: 43
A44: UMCP Reimbursement | B44: Ltr Dtd 11/06/24 | C44: 45637 | D44: PG23-188(1) | E44: 4101.75 | I44: =SUM(E37:E44) -> 26091.36 | J44: =D44 -> PG23-188(1) | K44: 44
A45: Bowman Consulting Group | B45: 15048.03-6 | C45: 45728 | D45: PG23-205(3) | E45: 4800 | H45: UMCP | I45: Chem | K45: 45
A46: Electrico Inc | B46: 2341001 | C46: 45763 | D46: PG23-212(7) | E46: 4800 | H46: UMCP | I46: FR | K46: 46
A47: Electrico Inc | B47: 2346002 | C47: 45796 | D47: PG23-217(04) | E47: 4905 | H47: UMCP | I47: FR | K47: 47
A48: Quinn Evans Architect | B48: 24 | C48: 45706 | D48: PG23-195 | E48: 4907.2 | I48: =E48 -> 4907.2 | J48: PG23-195_CSU | K48: 48
A49: Maryland Correctional Enterprises | B49: H02372 | C49: 45686 | D49: PG23-196(2) | E49: 5020 | K49: 49
A50: UMCP Reimbursement | B50: Ltr Dtd 11/06/24 | C50: 45616 | D50: PG23-188(1) | E50: 5403.46 | K50: 50
A51: UMCP Reimbursement | B51: Ltr Dtd 11/06/24 | C51: 45616 | D51: PG23-188(1) | E51: 5699.54 | K51: 51
A52: Maryland Correctional Enterprises | B52: H02526 | C52: 45639 | D52: PG23-188(3) | E52: 6298 | K52: 52
A53: Maryland Correctional Enterprises | B53: H02524 | C53: 45796 | D53: PG23-217(07) | E53: 6301 | H53: UMCP | I53: Chem | K53: 53
A54: Maryland Correctional Enterprises | B54: H02525 | C54: 45639 | D54: PG23-188(4) | E54: 6323 | K54: 54
A55: Graybar Electric Company, Inc. | B55: 9339844202 | C55: 45686 | D55: PG23-196(9) | E55: 6529 | K55: 55
A56: Turner & Townsend Heery LLC | B56: PJIN0040307 | C56: 45456 | D56: PG23-166 | E56: 6933.12 | H56: BSU | K56: 56
A57: Hord Coplan Macht | B57: 09772202 | C57: 45728 | D57: PG23-205(10) | E57: 7523.35 | H57: UMCP | I57: FR | K57: 57
A58: UMCP Reimbursement | B58: Ltr Dtd 05/30/24 | C58: 45454 | D58: PG23-161 | E58: 7550.04 | H58: UMCP | I58: =SUM(E52:E58) -> 47457.51 | J58: PG23-161 | K58: 58
A59: Victorekpuk | B59: 01 | C59: 45404 | D59: PG23-155 | E59: 8000 | H59: BSU | I59: =SUM(E56:E59) -> 30006.51 | J59: PG23-155 | K59: 59
A60: Henley Construction | B60: 5 (Split) | C60: 45495 | D60: PG23-169 | E60: 8083.2 | H60: SU | I60: 8083.2 | J60: PG23-169 | K60: 60
A61: The Christman Company | B61: 11 | C61: 45728 | D61: PG23-203(2) | E61: 8087.54 | H61: UMB | K61: 61
A62: Marshall Craft Associates, Inc. | B62: 13047 | C62: 45819 | D62: PG23-222(3) | E62: 9375.32 | H62: UMB | I62: FR | K62: 62
A63: AECOM Technical Services, Inc. | B63: 2000957103 | C63: 45639 | D63: PG23-188(5) | E63: 9644.4 | K63: 63
A64: Design Collective, Inc. | B64: 0001825 | C64: 45763 | D64: PG23-212(2) | E64: 10044.07 | H64: UMCES | I64: Chesapeake | K64: 64
A65: Turner & Townsend Heery LLC | B65: PJIN0040112 | C65: 45434 | D65: PG23-159 | E65: 10977.44 | H65: BSU | K65: 65
A66: Marshall Craft Associates, Inc. | B66: 12546 | C66: 45637 | D66: PG23-192(1) | E66: 11037.25 | K66: 66
A67: Quinn Evans Architect | B67: 25th | C67: 45730 | D67: PG23-207 | E67: 13177.95 | H67: CSU | K67: 67
A68: Dvorak | B68: 01 | C68: 45814 | D68: PG23-220(2) | E68: 13775 | H68: UMBC | I68: FR | K68: 68
A69: Bowman | B69: 414331/418521/422448 | C69: 45434 | D69: PG23-158 | E69: =8756.52+2189.13+3283.7 -> 14229.35 | H69: TU | K69: 69
A70: Design Collective, Inc. | B70: 0001377 | C70: 45574 | D70: PG23-185 | E70: 14847.28 | I70: =SUM(E63:E70) -> 97732.74 | J70: PG23-185 | K70: 70
A71: Design Collective, Inc. | B71: 0001285 | C71: 45559 | D71: PG23-181 | E71: 14847.33 | I71: =SUM(E68:E71) -> 57698.96 | J71: PG23-181 | K71: 71
A72: Bowman Consulting Group, Ltd. | B72: 422509 | C72: 45434 | D72: PG23-159 | E72: 15189.8 | H72: UMCP | K72: 72
A73: Design Collective, Inc. | B73: 0002061 | C73: 45763 | D73: PG23-212(1) | E73: 15493.33 | H73: UMCES | I73: Chesapeake | K73: 73
A74: Harper & Sons, Inc. | B74: 2316-03 | C74: 45558 | D74: PG23-177 | E74: 15569.29 | I74: =SUM(E73:E74) -> 31062.62 | J74: PG23-177 | K74: 74
A75: Turner & Townsend Herry, LLC | B75: PJIN0041888 | C75: 45686 | D75: PG23-196(5) | E75: 15769.6 | K75: 75
A76: Design Collective, Inc. | B76: 0001482 | C76: 45574 | D76: PG23-185 | E76: 16319.33 | K76: 76
A77: Design Collective, Inc. | B77: 0002235 | C77: 45796 | D77: PG23-217(01) | E77: 16458.29 | H77: UMCES | I77: Chesapeake | K77: 77
A78: Ball-Nogues Studio | B78: 1235 | C78: 45728 | D78: PG23-206 | E78: 17750 | H78: TU | K78: 78
A79: Jeffrey Brown Contracting, LLC | B79: 2022-015-18 | C79: 45412 | D79: PG23-157 | E79: 17957.53 | H79: UMBC | I79: 17957.53 | J79: PG23-157 | K79: 79
A80: Turner & Townsend Herry, LLC | B80: PJIN0040561 | C80: 45496 | D80: PG23-172(10) | E80: 18636.8 | I80: =SUM(E71:E80) -> 163991.3 | J80: PG23-172 | K80: 80
A81: Maryland Correctional Enterprises | B81: H02376 | C81: 45686 | D81: PG23-196(7) | E81: 20186 | K81: 81
A82: Aecom Technical Services Inc. | B82: 2000942687 | C82: 45616 | D82: PG23-190(2) | E82: 20360.4 | K82: 82
A83: Aecom Technical Services Inc. | B83: 2000876913 | C83: 45434 | D83: PG23-159 | E83: 20893.92 | H83: UMCP | K83: 83
A84: Mueller Associates, Inc. | B84: 6 | C84: 45528 | D84: PG23-176 | E84: 21091.85 | I84: =SUM(E82:E84) -> 62346.17 | J84: PG23-176 | K84: 84
A85: UMCP Reimbursement | B85: Ltr Dtd 11/06/24 | C85: 45616 | D85: PG23-188(1) | E85: 21539.82 | K85: 85
A86: Mueller Associates, Inc. | B86: 8 | C86: 45706 | D86: PG23-198(2) | E86: 21622.93 | K86: 86
A87: UMCP Reimbursement | B87: Ltr Dtd 05/15/25 | C87: 45796 | D87: PG23-217(13) | E87: 22034.375 | H87: UMCP | I87: Chem | K87: 87
A88: Aecom Technical Services Inc. | B88: 2000864686 | C88: 45404 | D88: PG23-155 | E88: 22216.32 | H88: UMCP | K88: 88
A89: Aecom Technical Services Inc. | B89: 2000889102 | C89: 45456 | D89: PG23-166 | E89: 22271.04 | H89: UMCP | K89: 89
A90: Aecom Technical Services Inc. | B90: 2000889102 | C90: 45496 | D90: PG23-172(6) | E90: 22271.04 | K90: 90
A91: UMCP Reimbursement | B91: Ltr Dtd 01/14/25 | C91: 45679 | D91: PG23-193 | E91: 22354.88 | K91: 91
A92: Design Collective, Inc. | B92: 0002260 | C92: 45796 | D92: PG23-217(11) | E92: 22446.76 | H92: UMCES | I92: Chesapeake | K92: 92
A93: Aecom Technical Services Inc. | B93: 2000920616 | C93: 45559 | D93: PG23-181 | E93: 22503.6 | K93: 93
A94: Aecom Technical Services Inc. | B94: 2000931172 | C94: 45586 | D94: PG23-186 | E94: 23575.2 | I94: =E94 -> 23575.2 | J94: PG23-186 | K94: 94
A95: Bowman Consulting Group, Ltd. | B95: 410490 | C95: 45434 | D95: PG23-159 | E95: 23613.29 | H95: UMCP | K95: 95
A96: Harper & Sons, Inc. | B96: 2316-01 | C96: 45454 | D96: PG23-164 | E96: 24285.15 | H96: SU | I96: 24285.15 | J96: PG23-164 | K96: 96
A97: The Whiting-Turner Contracting Company | B97: 018100-0065 | C97: 45404 | D97: PG23-155 | E97: 24930.96 | H97: UMCP | K97: 97
A98: Mueller Associates, Inc. | B98: 4 | C98: 45457 | D98: PG23-167 | E98: 25077.28 | H98: TU | K98: 98
A99: Bowman Consulting Group, Ltd. | B99: 418635 | C99: 45404 | D99: PG23-155 | E99: 25132.85 | H99: UMCP | K99: 99
A100: UMCP Reimbursement | B100: Ltr Dtd 06/06/25 | C100: 45817 | D100: PG23-221(1) | E100: 25155.18 | H100: UMCP | I100: FR | K100: 100
...

Sheet Sheet
A1: PG23-061 | B1: Graybar Electric Company, Inc. | C1: 47954.45 | D1: UMCP Chemistry Building Wing 1 Replacement Inv.#9332559996
A2: PG23-061 | B2: DPR Construction | C2: 27132.71 | D2: UMCP Replace Failing Street Lighting Inv.#DPRB011747
A3: PG23-061 | B3: Turner & Townsend Heery LLC | C3: 12710.72 | D3: BSU Replace MLK Comm Arts & Hum Building Inv.#PJIN0036662
A4: PG23-061 | B4: Jeffrey Brown Contracting, LLC | C4: 201799.38 | D4: BSU Facilities Renewal Inv.#202102713 | E4: =SUM(C1:C4) -> 289597.26

Sheet Sheet3
A1: 1
A2: 2
A3: 3
A4: 4
A5: 5
A6: 6
A7: 7
A8: 8
A9: 9
A10: 10
A11: 11
A12: 12
... A708: 708

Sheet CSU Settlements
A1: ELTG, LLC | B1: 1812 Warwick Avenue | C1: 41289 | D1: FY13-033 | E1: 10465.33
A2: Eileen A. Carpenter, Attorney at Law | B2: 1656 Warwick Avenue | C2: 41297 | D2: FY13-034 | E2: 23363.54
A3: Jones Realty Advisors, LLC | B3: J13-02 | C3: 41297 | D3: FY13-034 | E3: 200
A4: Barton Malow Company | B4: 17 | C4: 41297 | D4: FY13-034 | E4: 938074.51
A5: EA Engineering, Science, and Technology | B5: 79190 | C5: 41302 | D5: FY13-035 | E5: 8072.18
A6: ELTG, LLC | B6: 2500 Presbury Street | C6: 41320 | D6: FY13-038 | E6: 2833
A7: ELTG, LLC | B7: 1818 Warwick Avenue | C7: 41324 | D7: FY13-039 | E7: 5860
A8: Commonwealth Land Title Insurance Company | B8: 1659 Thomas Avenue | C8: 41324 | D8: FY13-039 | E8: 4689.71
A9: Diversified Property Services | B9: Ck#12321 | C9: 41330 | D9: Refund | E9: -87038.1
A10: Cohen and Forman, LLC | B10: Ck#9913 | C10: 41330 | D10: Refund | E10: -3.51
A11: Cohen and Forman, LLC | B11: Ck#2823 | C11: 41330 | D11: Refund | E11: -1.17
A12: Commonwealth Land Title Insurance Company | B12: Ck#98003184 | C12: 41330 | D12: Refund | E12: -2890.85
A13: Cohen and Forman, LLC | B13: Ck#2909 | C13: 41330 | D13: Refund | E13: -378.38
A14: Cohen and Forman, LLC | B14: Ck#9915 | C14: 41330 | D14: Refund | E14: -30
A15: ELTG, LLC | B15: 1726 N Warwick Ave | C15: 41331 | D15: FY13-040 | E15: 17021.32
A16: ELTG, LLC | B16: 1732 N Warwick Ave | C16: 41331 | D16: FY13-040 | E16: 9770.09
A17: Lipman Frizzell & Mitchell LLC | B17: LFM-12027YYYY-1 | C17: 41331 | D17: FY13-040 | E17: 375
A18: Barton Malow Company | B18: 18 | C18: 41331 | D18: FY13-040 | E18: 688511.7
A19: Commonwealth Land Title Insurance Company | B19: 1625 Thomas Ave | C19: 41332 | D19: FY13-040 | E19: 24204.6
A20: Commonwealth Land Title Insurance Company | B20: 1616 Thomas Ave | C20: 41332 | D20: FY13-040 | E20: 24071.6
A21: Eileen A. Carpenter, Attorney at Law | B21: 1805 Thomas Ave | C21: 41332 | D21: FY13-040 | E21: 65412.54
A22: Barton Malow Company | B22: 19 | C22: 41332 | D22: FY13-040 | E22: 429707.79
B24: 1659 Thomas Ave– Settlement 3/6/13
B25: 1818 Warwick Ave – Settlement 3/6/13
B27: 1805 Thomas Ave - Settlement 3/13/13
B28: 1616 & 1625 Thomas Ave. - Settlement 3/14/13
B29: 1726 & 1732 Warwick Ave – Settlement 3/14/13

Sheet Sheet1
B1: 9.0937797e+08
A2: JA000010 | B2: =B3-B1 -> 9.6399999
B3: 9.0937798e+08
A4: FY13-010 | B4: =B5-B3 -> 143198.85
B5: 9.0952118e+08
A6: CSU Refund 12046 | B6: =B7-B5 -> -63.41
B7: 9.0952112e+08
A8: JA000011 | B8: =B9-B7 -> 366.82
B9: 9.0952148e+08
A10: FY13-011 | B10: =B11-B9 -> 3614518.4
B11: 9.13136e+08
A12: JA000012 | B12: =B13-B11 -> 6624.8
B13: 9.1314263e+08
A14: JA000013 | B14: =B15-B13 -> 203.84
B15: 9.1314283e+08
A16: JA000014 | B16: =B17-B15 -> 1223.04
B17: 9.1314405e+08
A18: JA000015 | B18: =B19-B17 -> 121479.2
B19: 9.1326553e+08
A20: JA000016 | B20: =B21-B19 -> 6013.28
B21: 9.1327155e+08
A22: JA000017 | B22: =B23-B21 -> 8355.59
B23: 9.132799e+08
A24: JA000019 | B24: =B25-B23 -> 28435.68
B25: 9.1330834e+08
A26: JA000018 | B26: =B27-B25 -> 49584.08
B27: 9.1335792e+08
A28: JA000020 | B28: =B29-B27 -> 13615
B29: 9.1337154e+08
A30: FY13-012 | B30: =B31-B29 -> 149607.57
B31: 9.1352114e+08
A32: FY13-13 | B32: =B33-B31 -> 504270.95
B33: 9.1402542e+08
A34: CSU Refund 12046 | B34: =B35-B33 -> -1478
B35: 9.1402394e+08
A36: FY13-014 | B36: =B37-B35 -> 3546382.9
B37: 9.1757032e+08
A38: JA000021 | B38: =B39-B37 -> 10
B39: 9.1757033e+08
A40: FY13-015 | B40: =B41-B39 -> 6034102
B41: 9.2360443e+08
A42: JA000022 | B42: =B43-B41 -> 268624.5
B43: 9.2387306e+08
A44: FY13-016 | B44: =B45-B43 -> 164933.01
B45: 9.2403799e+08
A46: Refund | B46: =B47-B45 -> -2427
B47: 9.2403556e+08
A48: FY13-017 | B48: =B49-B47 -> 581255.18
A49: JA000023 | B49: 9.2461682e+08
A50: JA000024 | B50: =B51-B49 -> 791
B51: 9.2461761e+08
A52: FY13-018 | B52: =B53-B51 -> 7123900.7
B53: 9.3174151e+08
A54: FY13-019 | B54: =B55-B53 -> 1160126.8
B55: 9.3290164e+08
A56: JA000025 | B56: =B57-B55 -> 6106.5
B57: 9.3290774e+08
A58: Stop payment CSU 10008 | B58: =B59-B57 -> -56023.75
B59: 9.3285172e+08
A60: JA000026 | B60: =B61-B59 -> 10
B61: 9.3285173e+08
A62: JA000027 | B62: =B63-B61 -> 6287.29
B63: 9.3285802e+08
A64: JA000028 | B64: =B65-B63 -> 3019.83
B65: 9.3286104e+08
A66: FY13-020 | B66: =B67-B65 -> 9240257.3
B67: 9.4210129e+08
A68: JA000029 | B68: =B69-B67 -> 3353
B69: 9.4210465e+08
A70: JA000030 | B70: =B71-B69 -> 37136
B71: 9.4214178e+08
A72: JA000031 | B72: =B73-B71 -> 164.94
B73: 9.4214195e+08
A74: JA000032 | B74: =B75-B73 -> 172.26
B75: 9.4214212e+08
A76: FY13-021 | B76: =B77-B75 -> 363580.89
B77: 9.425057e+08
A78: CSU Refund 12046 | B78: =B79-B77 -> -30.71
B79: 9.4250567e+08
A80: CSU Refund 12046 | B80: =B81-B79 -> -58.86
B81: 9.4250561e+08
A82: FY13-022 | B82: =B83-B81 -> 509040.07
B83: 9.4301465e+08
A84: JA000033 | B84: =B85-B83 -> 82752.11
B85: 9.430974e+08
A86: JA000034 | B86: =B87-B85 -> 2038.4
B87: 9.4309944e+08
A88: JA000035 | B88: =B89-B87 -> 11313.12
B89: 9.4311076e+08
A90: JA000036 | B90: =B91-B89 -> 11313.12
B91: 9.4312207e+08
A92: JA000037 | B92: =B93-B91 -> 28741.44
B93: 9.4315081e+08
A94: JA000038 | B94: =B95-B93 -> 1834.56
B95: 9.4315264e+08
A96: JA000039 | B96: =B97-B95 -> 50246.56
B97: 943202891
A98: JA000040 | B98: =B99-B97 -> 14921
B99: 943217812
A100: FY13-023 | B100: =B101-B99 -> 4274956.1
...
